 Dungeon Crawl Stone Soup version 0.27.1-37-g7b29ead8ac (console) character file.

Game seed: 4425342783561762582

824719 grimtooth the Sorcerer (level 27, -1/168 HPs)
             Began as a Deep Elf Air Elementalist on July 30, 2023.
             Was the Champion of Vehumet.
             Slain by a bennu (13 damage)
             ... on level 2 of the Tomb of the Ancients on Aug 8, 2023.
             The game lasted 17:38:37 (130023 turns).

grimtooth the Sorcerer (DEAE)                     Turns: 130023, Time: 17:38:48

Health: -1/168     AC: 29    Str:  8 (9)  XL:     27
Magic:  44/55      EV: 12    Int: 43      God:    Vehumet [******]
Gold:   3423       SH:  0    Dex: 19      Spells: 0/78 levels left

rFire    . . .     SeeInvis .   b - +9 eudemon blade (holy)
rCold    . . .     Faith    .   O - +2 buckler {rN+}
rNeg     + + .     Spirit   .   C - quicksilver dragon scales
rPois    .         Reflect  .   y - +2 helmet
rElec    .         Harm     .   f - +2 cloak {Will+}
rCorr    .         Rampage  .   q - +2 pair of gloves {Str+3}
Will     ++++.                  g - +2 pair of boots {Fly}
Stlth    ++++++....             d - amulet of magic regeneration
HPRegen  0.38/turn              T - +6 ring of intelligence {=R}
MPRegen  0.59/turn              t - ring of Reimbursement {rN+ Int+4}

@: sluggish, flying, held, slowed, studying Staves, very slow
A: claws 1, talons 1, thin skeletal structure 1, agile 1, no potion heal 1,
sturdy frame 1
}: 4/15 runes: decaying, serpentine, slimy, silver
a: Renounce Religion


You were on level 2 of the Tomb of the Ancients.
You worshipped Vehumet.
Vehumet was exalted by your worship.
You visited 14 branches of the dungeon, and saw 61 of its levels.
You visited the Abyss 1 time.
You also visited: Sewer, Bailey, Gauntlet, Volcano, Wizlab and Desolation.

You collected 11280 gold pieces.
You spent 7857 gold pieces at shops.

Inventory:

Hand Weapons
 a - a +9 demon blade of electrocution
 b - a +9 eudemon blade of holy wrath (weapon)
Missiles
 k - 359 stones (quivered)
 B - 9 throwing nets {=f}
Armour
 f - a +2 cloak of willpower (worn)
 g - a +2 pair of boots of flying (worn)
 q - a +2 pair of gloves of strength (worn)
 y - a +2 helmet (worn)
 C - quicksilver dragon scales (worn)
 O - a +2 buckler of positive energy (worn)
Magical Staves
 i - a staff of fire
Jewellery
 d - an amulet of magic regeneration (around neck)
 j - the ring of Gicsex {Fly rCorr Int+4 Dex+5}
   (You acquired it on level 4 of the Realm of Zot)

   [ring of resist corrosion]

   Int:       It affects your intelligence (+4).
   Dex:       It affects your dexterity (+5).
   Fly:       It grants you flight.
   rCorr:     It protects you from acid and corrosion.
 o - the ring "Fuseptad" {rF+ rC++}
   (You found it in a Gauntlet)

   [ring of protection from fire]

   rF:        It protects you from fire.
   rC:        It greatly protects you from cold.
 p - the ring "Goigecs" {rElec rPois rCorr Dex-2 SInv}
   (You bought it in a shop on level 4 of the Snake Pit)

   [ring of resist corrosion]

   Dex:       It affects your dexterity (-2).
   rElec:     It insulates you from electricity.
   rPois:     It protects you from poison.
   SInv:      It lets you see invisible.
   rCorr:     It protects you from acid and corrosion.
 t - the ring of Reimbursement (right hand) {rN+ Int+4}
   (You found it in a Gauntlet)

   [ring of positive energy]

   Int:       It affects your intelligence (+4).
   rN:        It protects you from negative energy.
 I - the ring of Xom's Recklessness {rPois Will+ Str+3}
   (You found it on level 2 of the Vaults)

   [ring of poison resistance]

   Str:       It affects your strength (+3).
   rPois:     It protects you from poison.
   Will:      It increases your willpower.
 T - a +6 ring of intelligence (left hand) {=R}
Wands
 h - a wand of flame (76)
 l - a wand of charming (16)
 m - a wand of acid (6)
 D - a wand of iceblast (2)
 F - a wand of digging (20)
 J - a wand of paralysis (15)
 M - a wand of polymorph (8)
 R - a wand of mindburst (39)
Scrolls
 n - 6 scrolls of summoning
 s - 8 scrolls of teleportation
 v - 6 scrolls of fear
 E - 3 scrolls of holy word
 G - 10 scrolls of immolation
 L - 2 scrolls of magic mapping
 P - a scroll of silence
 Q - 3 scrolls of vulnerability
Potions
 e - 6 potions of curing
 r - 3 potions of cancellation
 w - a potion of brilliance
 N - 7 potions of lignification
 U - 4 potions of might
 V - 2 potions of resistance
 W - 8 potions of ambrosia
Miscellaneous
 c - the horn of Geryon
 x - a box of beasts
 H - a condenser vane
 K - a phantom mirror
 S - a tin of tremorstones (2/2)
 Y - a phial of floods


   Skills:
 - Level 16.0 Fighting
 - Level 15.0 Long Blades
 - Level 6.0 Throwing
 - Level 15.0 Armour
 - Level 20.0 Dodging
 - Level 12.0 Stealth
 + Level 8.2 Shields
 - Level 26.0 Spellcasting
 - Level 21.0 Conjurations
 - Level 12.0 Hexes
 - Level 9.0 Translocations
 - Level 9.0 Transmutations
 + Level 11.9 Fire Magic
 - Level 22.0 Air Magic
 - Level 25.0 Earth Magic
 - Level 12.0 Evocations


You couldn't memorise any spells.
You knew the following spells:

 Your Spells              Type           Power      Damage    Failure   Level
a - Sandblast             Erth           100%       2d20      0%          1
b - Lee's Rapid Deconstr  Erth           67%        3d31*     0%          5
d - Lehudib's Crystal Sp  Conj/Erth      65%        10d15     1%          8
e - Airstrike             Air            64%        N/A       0%          4
f - Freezing Cloud        Conj/Ice/Air   54%        6-21      1%          5
i - Iskenderun's Mystic   Conj/Tloc      100%       2d19      0%          4
k - Blink                 Tloc           N/A        N/A       0%          2
s - Swiftness             Air            100%       N/A       0%          3
t - Tukima's Dance        Hex            100%       N/A       0%          3
v - Invisibility          Hex            51%        N/A       1%          6
y - Yara's Violent Unrav  Hex/Tmut       49%        3d19      1%          5
F - Ignition              Fire           51%        3d14      5%          8
G - Chain Lightning       Conj/Air       63%        3d84      1%          9
H - Shatter               Erth           67%        3d49*     1%          9
M - Statue Form           Tmut/Erth      77%        N/A       1%          6

Your spell library contained the following spells:

 Spells                   Type           Power      Damage    Failure   Level
 Fire Storm               Conj/Fire      57%        8d15      13%         9
 Apportation              Tloc           100%       N/A       0%          1
 Corona                   Hex            100%       N/A       0%          1
 Magic Dart               Conj           100%       1d8       0%          1
 Shock                    Conj/Air       100%       1d9       0%          1
 Corpse Rot               Necr/Air       N/A        N/A       0%          2
 Passwall                 Tmut/Erth      96%        N/A       0%          2
 Poisonous Vapours        Pois/Air       100%       N/A       0%          2
 Searing Ray              Conj           100%       3d7       0%          2
 Static Discharge         Conj/Air       100%       N/A       0%          2
 Wereblood                Tmut           93%        N/A       0%          2
 Confusing Touch          Hex            100%       N/A       0%          3
 Conjure Flame            Conj/Fire      100%       6-21      0%          3
 Dazzling Flash           Conj/Hex       100%       N/A       0%          3
 Inner Flame              Hex/Fire       100%       N/A       0%          3
 Mephitic Cloud           Conj/Pois/Air  100%       N/A       0%          3
 Stone Arrow              Conj/Erth      100%       3d13      0%          3
 Fulminant Prism          Conj/Hex       57%        3d25      0%          4
 Leda's Liquefaction      Hex/Erth       60%        N/A       0%          4
 Petrify                  Tmut/Erth      100%       N/A       0%          4
 Sticky Flame             Conj/Fire      100%       2d11      0%          4
 Bolt of Magma            Conj/Fire/Erth 61%        4d24      0%          5
 Fireball                 Conj/Fire      57%        3d22      0%          5
 Irradiate                Conj/Tmut      55%        3d32      0%          5
 Iskenderun's Battlesphe  Conj           100%       2d15      0%          5
 Lightning Bolt           Conj/Air       63%        1d87      0%          5
 Silence                  Hex/Air        58%        N/A       0%          5
 Conjure Ball Lightning   Conj/Air       63%        3x3d23    0%          6
 Animate Skeleton         Necr           100%       N/A       1%          1
 Freeze                   Ice            100%       1d11      1%          1
 Pain                     Necr           100%       1d9       1%          1
 Sting                    Tmut/Pois      100%       1d8       1%          1
 Summon Small Mammal      Summ           100%       N/A       1%          1
 Ensorcelled Hibernation  Hex/Ice        100%       N/A       1%          2
 Sublimation of Blood     Necr           27%        N/A       1%          2
 Call Canine Familiar     Summ           54%        N/A       1%          3
 Frozen Ramparts          Ice            100%       1d12      1%          3
 Gell's Gravitas          Tloc           46%        N/A       1%          3
 Ignite Poison            Fire/Tmut/Pois 86%        N/A       1%          3
 Lesser Beckoning         Tloc           46%        N/A       1%          3
 Summon Guardian Golem    Hex/Summ       82%        N/A       1%          3
 Teleport Other           Tloc           93%        N/A       1%          3
 Vampiric Draining        Necr           27%        2d9       1%          3
 Hailstorm                Conj/Ice       98%        3d19      1%          4
 Olgreb's Toxic Radiance  Pois           54%        N/A       1%          4
 Passage of Golubria      Tloc           N/A        N/A       1%          4
 Summon Lightning Spire   Summ/Air       100%       N/A       1%          4
 Alistair's Intoxication  Tmut/Pois      50%        N/A       1%          5
 Blade Hands              Tmut           46%        N/A       1%          5
 Borgnjor's Vile Clutch   Necr/Erth      52%        N/A       1%          5
 Manifold Assault         Tloc           93%        N/A       1%          5
 Metabolic Englaciation   Hex/Ice        41%        N/A       1%          5
 Summon Forest            Summ/Tloc      38%        N/A       1%          5
 Dispersal                Tloc           46%        N/A       1%          6
 Starburst                Conj/Fire      57%        6d15      1%          6
 Orb of Destruction       Conj           62%        9d17      1%          7
 Storm Form               Tmut/Air       56%        N/A       1%          7
 Maxwell's Capacitive Co  Air            64%        ∞         1%          8
 Eringya's Noxious Bog    Tmut/Pois      38%        N/A       2%          6
 Animate Dead             Necr           27%        N/A       4%          4
 Summon Ice Beast         Ice/Summ       54%        N/A       4%          4
 Dragon Form              Tmut           46%        N/A       9%          7
 Agony                    Necr           54%        N/A       11%         5
 Malign Gateway           Summ/Tloc      38%        N/A       47%         7
 Simulacrum               Ice/Necr       27%        N/A       52%         6
 Disjunction              Tloc           46%        N/A       54%         8
 Ozocubu's Refrigeration  Ice            27%        4d10      61%         7
 Haunt                    Necr/Summ      27%        N/A       98%         7
 Summon Hydra             Summ           27%        N/A       98%         7
 Necromutation            Tmut/Necr      38%        N/A       99%         8
 Borgnjor's Revivificati  Necr           27%        N/A       100%        8
 Infestation              Necr           27%        N/A       100%        8
 Summon Horrible Things   Summ           27%        N/A       100%        8
 Death's Door             Necr           27%        N/A       100%        9


Dungeon Overview and Level Annotations

Branches:
Dungeon (15/15)            Temple (1/1) D:7            Lair (6/6) D:8
  Swamp (4/4) Lair:4        Snake (4/4) Lair:2        Slime (5/5) Lair:6
    Orc (2/2) D:11            Elf (3/3) Orc:2        Vaults (5/5) D:13
  Crypt (3/3) Vaults:2       Tomb (2/3) Crypt:3      Depths (5/5) D:15
   Hell (visited)             Dis (0/7) Hell            Geh (0/7) Hell
    Coc (0/7) Hell            Tar (0/7) Hell            Zot (5/5) Depths:5
  Sewer (visited)          Bailey (visited)         Volcano (visited)
 WizLab (visited)         Desolation (visited)      Gauntlet (visited)

Altars:
Ashenzari
Cheibriados
Dithmenos
Elyvilon
Fedhas
Gozag
Hepliaklqana
Kikubaaqudgha
Makhleb
Nemelex Xobeh
Okawaru
Qazlal
Ru
Sif Muna
Trog
Uskayaw
Vehumet
Wu Jian
Xom
Yredelemnul
Zin
The Shining One
Beogh
Jiyva
Lugonu

Shops:
D:6 *   D:13 [   Orc:1 (   Orc:2 ?:?(   Elf:1 :   Elf:3 (   Snake:1 *
Snake:2 ((   Snake:4 =:=   Vaults:2 [   Vaults:3 *   Vaults:5 ![*:*(?
Depths:2 **   Depths:3 (

Portals:
Hell: Depths:1 Depths:2 Depths:3 Depths:4 Depths:5
Abyss: Depths:1 Depths:4
Pandemonium: Orc:2 Depths:3 Depths:4 Depths:5
Ziggurat: Depths:3

Annotations:
D:13 1 runed translucent door, Pyewn's ghost, journeyman TrBe
Lair:6 1 runed translucent door, pkoi's ghost, journeyman DrCj
Elf:2 3 runed translucent doors
Tomb:2 Sojobo
Depths:4 1 exclusion


Innate Abilities, Weirdness & Mutations

You have sharp fingernails.
You have sharp toenails.
You have a somewhat thin skeletal structure. (Dex +2, Stealth+)
You are agile. (Dex +2)
Potions are less effective at restoring your health.
Your movements are slightly less encumbered by armour. (ER -2)


Message History

The bennu is knocked back by the mystic blast.
The mystic blast hits the tengu reaver!
The tengu reaver is lightly wounded.
The tengu reaver is knocked back by the mystic blast.
The tengu reaver slams into the stone wall!
A mummy priest comes into view. x2
The tengu reaver casts a spell at you. The bolt of cold misses you.
You hear a shout!
Casting: Iskenderun's Mystic Blast (safe; 0% risk of failure)
Confirm with . or Enter, or press ? or * to list all spells.
Aiming: Lehudib's Crystal Spear (mildly dangerous; 1% risk of failure)
Press: ? - help, Shift-Dir - straight line, f - tengu reaver
Aim: a tengu reaver, wielding a +0 vorpal long sword, wearing a +3 scale mail of willpower and wearing a +0 buckler (moderately wounded, 71% to hit)
The crystal spear hits the tengu reaver!!!!
You kill the tengu reaver!
Vehumet accepts your kill.
You feel your power returning.
A royal mummy comes into view.
The mummy priest mumbles some strange prayers to its god.
The mummy priest drops a net on you.
You become entangled in the net!
The royal mummy calls on the powers of darkness!
Your body is wracked with pain!
* * * LOW HITPOINT WARNING * * *
The bennu convulses!
Sojobo, Queen of Tengu comes into view.
She is wielding a +0 great sword of electrocution and wearing a +1 scale mail of cold resistance.
The royal mummy calls on the powers of darkness!
Your body is wracked with pain!
* * * LOW HITPOINT WARNING * * *
Sojobo convulses!
The bennu convulses!
A guardian mummy comes into view.
Enter note: - now this is a problem
As you read the scroll of fog, it crumbles to dust.
The scroll dissolves into smoke.
You feel sluggish.
The mummy priest calls on the powers of darkness!
The bennu convulses!
Your body is wracked with pain!
* * * LOW HITPOINT WARNING * * *
The bennu pecks you!
You die...

#^4M..# .....
.##....... .^...
.....M...Z.
.....#.............
....#.Q.Q ........
▓####.#...M. #......
▓.#§§b§§#.. #......
▓#..§@§§#.. ..##......
▓...§§§§†..##.##M...§.
▓#..§§^.#M....##......
##...M<#.....##......
#†.M..#.....##.....B
#....M#..^..!.M....B
#.....^#.M.....M.....
▓.#.....#.M...M.?.....
▓ #.....#...†##.......
#.#..#M....## M...B.
#.^...#Ms..B##......


You could see a royal mummy, Sojobo (repels missiles), a bennu, 2 mummy priests
and a rust devil (summoned).

Vanquished Creatures
  the Royal Jelly (Slime:5)
  4 dread liches
  7 orbs of fire
  Mennas (Vaults:3)
  3 ancient liches
  Mara (Vaults:3)
  2 juggernauts
  Boris (thrice) (Depths:4 Crypt:1 Tomb:2)
  25 royal mummies
  Saint Roka (Elf:2)
  Margery (Vaults:4)
  4 Killer Klowns (Zot:5)
  2 caustic shrikes (Depths:4)
  2 curse toes
  Vashnia (Snake:3)
  13 golden dragons
  Geryon (Hell)
  Jory (Crypt:3)
  Nikola (Depths:3)
  2 profane servitors (Crypt:3)
  A bone dragon (Crypt:3)
  4 electric golems
  2 hellephants
  5 liches
  22 tentacled monstrosities
  Asterion (Elf:1)
  A Hell Sentinel (Zot:5)
  A shard shrike skeleton (Crypt:2)
  25 Orb Guardians (Zot:5)
  8 quicksilver dragons
  4 titans (Vaults:5)
  2 deep elf master archers (Elf:3)
  2 deep elf blademasters (Elf:3)
  19 acid blobs
  2 ancient champions (Tomb:1)
  11 sphinxes
  8 death cobs
  5 draconian monks
  12 shadow dragons
  2 thorn hunters (Swamp:4)
  10 tengu reavers
  A storm dragon (shapeshifter) (Vaults:4)
  Kirke (D:15)
  14 storm dragons
  3 revenants
  3 nagarajas
  5 rockslimes
  5 azure jellies
  5 frost giants
  6 fire giants
  9 deep elf sorcerers
  An emperor scorpion (Zot:4)
  5 draconian scorchers
  14 draconian knights
  5 ghost moths
  9 vault wardens
  4 iron dragons
  2 balrugs (Depths:3)
  3 orc warlords
  5 draconian shifters
  3 curse skulls
  16 ghouls
  Aizul (Snake:3)
  5 deep elf elementalists (Elf:3)
  An imperial myrmidon (Desolation)
  2 war gargoyles
  22 ironbound preservers
  6 draconian stormcallers
  A spriggan defender (Depths:4)
  20 stone giants
  6 reapers (Hell)
  14 quicksilver oozes
  6 draconian annihilators
  7 vampire knights
  5 deep elf demonologists (Elf:3)
  3 bennus
  17 very ugly things
  10 deep elf annihilators
  4 entropy weavers
  2 lorocyprocas
  9 spark wasps
  14 yellow draconians
  A minotaur (Gauntlet)
  8 black draconians
  3 dire elephants (Vaults:1)
  A halazid warlock (Desolation)
  27 purple draconians
  15 red draconians
  9 bunyips
  13 white draconians
  16 green draconians
  9 statues (WizLab)
  2 blizzard demons (Hell)
  11 eidola
  4 ettins
  10 deep elf death magi
  2 quicksilver dragon zombies
  4 crystal guardians
  A green death (Hell)
  16 mummy priests
  5 eleionomae
  19 jiangshi
  12 fire dragons
  6 ironbound thunderhulks
  A shambling mangrove (Swamp:4)
  15 yaktaur captains
  7 great orbs of eyes
  2 deep elf high priests (Vaults:5)
  8 ragged hierophants (Desolation)
  Erolcha (D:12)
  3 salamander tyrants
  5 servants of whispers (Desolation)
  5 ice dragons
  32 hydras
  37 vault guards
  2 naga warriors (Snake:4)
  5 boulder beetles
  2 quicksilver dragon skeletons
  14 ironbound frosthearts
  A hell beast (Hell)
  4 spriggan air magi
  13 anacondas
  Erica (D:9)
  12 peacekeepers
  3 ogre magi
  9 alligators
  6 tengu warriors
  6 centaur warriors
  5 deep troll shamans
  A two-headed ogre (D:15)
  11 dancing weapons
  4 catoblepae
  6 orc high priests (Orc:2)
  10 vampire magi
  5 deep troll earth magi
  16 hell hogs
  2 ironbound beastmasters (Vaults:1)
  9 shock serpents
  The ghost of Aldia the Destroyer, a journeyman DECj of Dithmenos (Lair:1)
  A titan zombie (Tomb:1)
  41 death scarabs
  3 death yaks (Lair:6)
  9 spriggan berserkers
  7 naga sharpshooters
  5 soul eaters
  15 deep elf knights
  A storm dragon zombie (Crypt:3)
  10 sun demons
  7 hell knights
  2 titan skeletons
  4 iron trolls
  16 skeletal warriors
  8 salamander mystics
  15 spriggans
  5 goliath frogs
  A deep troll (shapeshifter) (Vaults:5)
  3 anaconda zombies
  2 golden dragon zombies
  4 naga ritualists
  A sixfirhy (Gauntlet)
  63 deep trolls
  11 flayed ghosts
  An infernal demonspawn (Orc:2)
  14 bog bodies
  4 spriggan druids
  An entropy weaver zombie (Crypt:1)
  A gelid demonspawn (Depths:3)
  2 lindwurms
  Pikel (D:5)
  22 deep elf archers
  15 wizards
  A shadow dragon zombie (Crypt:3)
  15 ironbound convokers
  8 orc knights
  31 phantasmal warriors
  An anaconda skeleton (Crypt:1)
  14 orc sorcerers
  10 swamp dragons
  24 deep elf pyromancers
  5 wolf spiders
  13 mana vipers
  An iron dragon zombie (Crypt:3)
  6 necromancers
  A wolf spider (shapeshifter) (Depths:5)
  19 deep elf zephyrmancers
  2 manticores (Lair:6)
  An oklob plant (Lair:3)
  4 frost giant zombies
  A salamander (shapeshifter) (Vaults:3)
  A will-o-the-wisp (Swamp:3)
  7 shining eyes
  9 salamanders
  7 cyclopes
  A sphinx skeleton (Crypt:2)
  66 ugly things
  A fire giant zombie (Crypt:3)
  A stone giant zombie (Crypt:3)
  An apocalypse crab (Gauntlet)
  A shock serpent zombie (Crypt:3)
  18 vault sentinels
  29 black mambas
  2 rust devils
  8 elephants
  13 naga magi
  28 moths of wrath
  8 guardian serpents
  A moth of wrath (shapeshifter) (Vaults:4)
  2 dire elephant zombies (Crypt:3)
  3 eyes of devastation
  A torpor snail (Gauntlet)
  5 molten gargoyles (Hell)
  4 large abominations
  9 smoke demons (Hell)
  12 komodo dragons
  5 orange demons
  A hellion (Hell)
  4 cane toads
  An unseen horror (D:13)
  8 rime drakes
  3 demonic crawlers (Hell)
  7 kobold demonologists
  2 tormentors
  17 guardian mummies
  2 hellwings
  An efreet (D:14)
  A yaktaur (shapeshifter) (Vaults:5)
  8 freezing wraiths
  28 yaktaurs
  22 tengu conjurers
  2 hydra zombies (Hell)
  A golden dragon simulacrum (Tomb:1)
  3 sea snake skeletons (Hell)
  A queen bee (D:9)
  7 trolls
  A bloated husk (Swamp:2)
  A red devil (Hell)
  12 hornets
  A polar bear (Lair:4)
  A wolf spider simulacrum (D:15)
  2 blink frogs (Lair:6)
  4 jumping spiders
  5 tyrant leeches
  A fire dragon zombie (Hell)
  53 saltlings (Desolation)
  An ice dragon zombie (Crypt:3)
  An alligator zombie (Crypt:3)
  3 hydra skeletons (Hell)
  An ettin zombie (Vaults:1)
  114 slime creatures
  6 dream sheep (Lair:6)
  A black mamba zombie (Crypt:3)
  22 flying skulls
  5 air elementals
  A death drake skeleton (Crypt:2)
  An ice dragon skeleton (Crypt:1)
  A human simulacrum (Vaults:1)
  Sigmund (D:6)
  An alligator skeleton (Abyss:2)
  An ettin skeleton (Crypt:1)
  2 tarantellas (Vaults:2)
  8 redbacks
  A dire elephant simulacrum (Hell)
  6 fire bats (Volcano)
  2 basilisks (Lair:6)
  A fire dragon skeleton (Crypt:2)
  7 wyverns
  8 wraiths
  26 yaks
  2 ushabtiu
  18 humans
  7 water elementals
  An elf zombie (Vaults:1)
  3 fire elementals
  13 golden eyes
  A hog (shapeshifter) (D:14)
  A wyvern (shapeshifter) (D:13)
  A steam dragon (Lair:3)
  3 neqoxecs
  Menkaure (D:6)
  12 vampire mosquitoes
  19 swamp worms
  30 nagas
  A torturous demonspawn zombie (Crypt:1)
  2 cane toad zombies (Crypt:3)
  Edmund (D:6)
  2 acid dragons
  2 wargs
  12 water moccasins
  A hydra simulacrum (Hell)
  Duvessa (D:6)
  A floating eye (Depths:1)
  23 orc warriors
  2 dream sheep zombies (Crypt:1)
  A cane toad skeleton (Crypt:2)
  A meliai simulacrum (D:14)
  13 swamp drakes
  An ice beast (D:7)
  A black mamba simulacrum (Lair:1)
  A snapping turtle zombie (Crypt:3)
  23 necrophages
  A black bear (Lair:3)
  36 wolves
  A hog zombie (Crypt:2)
  8 ogres
  8 boggarts
  3 lemures (D:5)
  8 centaurs
  A yaktaur zombie (Crypt:1)
  2 phantoms
  5 kobold brigands
  A fire crab zombie (Crypt:1)
  16 bullfrogs
  A gnoll sergeant (D:12)
  A scorpion (D:6)
  An earth elemental (Elf:2)
  Dowan (D:6)
  2 wyvern skeletons (Crypt:3)
  A warg skeleton (Crypt:2)
  29 killer bees
  A swamp dragon simulacrum (Tomb:2)
  11 wights
  8 electric eels
  A rime drake simulacrum (Lair:1)
  5 howler monkeys
  4 lava snakes (Volcano)
  A wyvern simulacrum (Lair:1)
  2 centaur zombies
  2 bullfrog zombies (D:5)
  2 hounds
  An iron imp (D:4)
  2 jellies (D:7)
  29 orc priests
  A water moccasin simulacrum (Lair:1)
  A gnoll shaman (D:6)
  4 iguanas
  Jessica (D:2)
  Ijyb (D:5)
  Terence (D:2)
  9 orc wizards
  Natasha (thrice) (D:2)
  A killer bee zombie (D:7)
  A dwarf zombie (Crypt:1)
  A bullfrog simulacrum (Lair:1)
  An acid dragon skeleton (Crypt:2)
  2 basilisk simulacra (Lair:1)
  A howler monkey zombie (D:10)
  17 mummies
  11 gnolls
  A howler monkey skeleton (D:7)
  2 river rats (D:4)
  5 adders
  A shadow imp (D:6)
  A white imp (D:5)
  4 ufetubi (Gauntlet)
  2 dart slugs
  53 orcs
  4 endoplasms
  6 giant cockroaches
  9 goblins
  11 hobgoblins
  8 jackals
  6 quokkas
  A river rat zombie (Crypt:1)
  3 training dummies (Orc:1)
  6 ball pythons
  5 bats
  4 frilled lizards (Sewer)
  31 kobolds
  A kobold zombie (Crypt:3)
  8 rats
  9 pillars of salt (Vaults:1)
2704 creatures vanquished.

Vanquished Creatures (collateral kills)
  Rupert (D:13)
  2 draconian knights
  An azure jelly (Slime:5)
  Louise (Snake:1)
  10 vault wardens
  A quicksilver ooze (Slime:5)
  An ironbound preserver (Vaults:5)
  2 black draconians (Zot:3)
  2 green draconians
  A yellow draconian (Zot:4)
  A spark wasp (Depths:4)
  2 white draconians (Zot:2)
  5 red draconians
  A deep elf annihilator (Vaults:5)
  A purple draconian (Zot:2)
  4 ettins
  A ragged hierophant (Desolation)
  An ironbound thunderhulk (Vaults:1)
  5 vault guards
  4 yaktaur captains
  6 two-headed ogres
  3 naga warriors
  An ironbound frostheart (Vaults:2)
  3 death knights
  5 tengu warriors
  5 hell knights
  4 naga sharpshooters
  A salamander mystic (Snake:4)
  A bog body (Swamp:1)
  5 orc knights
  A moth of wrath (Zot:2)
  7 salamanders
  A rust devil (Orc:2)
  5 vault sentinels
  A gargoyle (D:12)
  2 tengu conjurers
  5 yaktaurs
  2 slime creatures (Vaults:1)
  4 nagas
  16 orc warriors
  An ice beast (shapeshifter) (D:14)
  4 ogres
  3 orc priests (Orc:2)
  An orc wizard (D:12)
  4 gnolls (Bailey)
  10 orcs (Orc:2)
  A hobgoblin (Bailey)
  A goblin (Bailey)
150 creatures vanquished.

Vanquished Creatures (others)
  A fire giant (Depths:3)
  A draconian knight (Zot:1)
  A yellow draconian (Zot:1)
  An ettin (Vaults:5)
  An alligator (Swamp:3)
  2 deep troll earth magi (Depths:3)
  2 deep trolls (Depths:3)
  A wizard (Depths:1)
  A vault sentinel (Vaults:5)
  A yaktaur (D:15)
  A tengu conjurer (WizLab)
  31 dancing weapons
  2 humans (D:15)
  A bush (Lair:6)
  36 demonic plants (Gauntlet)
  2 foxfires (Swamp:3)
  32 fungi
  89 plants
  21 withered plants
227 creatures vanquished.

Grand Total: 3081 creatures vanquished

Notes
Turn   | Place    | Note
-------+----------+-------------------------------------------
     0 | D:1      | grimtooth the Deep Elf Air Elementalist began the quest for
                  | the Orb.
     0 | D:1      | Reached XP level 1. HP: 10/10 MP: 6/6
   276 | D:1      | Reached XP level 2. HP: 15/15 MP: 5/8
  1021 | D:2      | Noticed Terence
  1067 | D:1      | Learned a level 2 spell: Static Discharge
  1068 | D:2      | Noticed Natasha
  1071 | D:2      | Noticed a crimson imp
  1073 | D:2      | Killed Natasha
  1074 | D:2      | Reached XP level 3. HP: 9/19 MP: 3/9
  1265 | D:2      | Found a bloodstained altar of Trog.
  1272 | D:2      | Noticed Natasha
  1290 | D:2      | Killed Natasha
  1291 | D:2      | Reached XP level 4. HP: 6/24 MP: 1/10
  1837 | D:2      | Noticed Natasha
  1844 | D:2      | Killed Natasha
  1973 | D:2      | Noticed Jessica
  2266 | D:2      | Reached skill level 5 in Air Magic
  2594 | D:3      | Reached XP level 5. HP: 28/28 MP: 11/11
  2821 | D:3      | Found an iron altar of Okawaru.
  2892 | D:3      | You fall into a shaft and drop 2 floors!
  2892 | D:5      | Entered Level 5 of the Dungeon
  2892 | D:5      | Noticed a phantom
  2892 | D:5      | Found a sparkling altar of Nemelex Xobeh.
  3017 | D:4      | Noticed a phantom
  3065 | D:4      | Found a glowing drain.
  3151 | Sewer    | Entered a sewer
  3214 | Sewer    | Noticed Purgy
  3271 | Sewer    | Learned a level 3 spell: Swiftness
  3276 | Sewer    | Learned a level 4 spell: Airstrike
  3594 | D:4      | Noticed a necrophage
  3681 | D:4      | Killed a phantom
  3682 | D:4      | Reached XP level 6. HP: 16/32 MP: 12/12
  3852 | D:4      | Found a snail-covered altar of Cheibriados.
  4343 | D:4      | Reached XP level 7. HP: 36/36 MP: 13/13
  4538 | D:3      | Found a bloodstained altar of Trog.
  4643 | D:3      | Found a faded altar of an unknown god.
  5563 | D:5      | Found a basalt altar of Yredelemnul.
  5584 | D:5      | Noticed Ijyb
  5741 | D:5      | Noticed Pikel
  5763 | D:5      | Killed Pikel
  5764 | D:5      | Reached skill level 5 in Conjurations
  5764 | D:5      | Reached XP level 8. HP: 38/41 MP: 9/14
  6006 | D:5      | Found an opulent altar of Gozag.
  6527 | D:6      | Found a broken altar of Ashenzari.
  6663 | D:6      | Noticed Sigmund
  6819 | D:6      | Found Pauveiq's Elemental Accessories.
  6851 | D:6      | Noticed Edmund
  6887 | D:6      | You fall into a shaft and drop 2 floors!
  6887 | D:8      | Found a hide-covered altar of Uskayaw.
  6978 | D:7      | Found a stormy altar of Qazlal.
  6980 | D:7      | Noticed an air elemental
  7153 | D:7      | Found a shimmering altar of Xom.
  7158 | D:7      | Reached skill level 4 in Spellcasting
  7709 | D:7      | Found a staircase to the Ecumenical Temple.
  7720 | Temple   | Entered the Ecumenical Temple
  7761 | Temple   | - lugonu!!
  7761 | Temple   | - feels like ash is the way to win, buuuut
  7775 | Temple   | Became a worshipper of Vehumet
  7830 | D:7      | Reached skill level 5 in Spellcasting
  7992 | D:7      | Identified the +3 morningstar of Zeixt {vamp, +Blink rElec
                  | rC- Will-}
  8036 | D:6      | Found a blossoming altar of Fedhas.
  8205 | D:7      | Found a glowing golden altar of the Shining One.
  8928 | D:2      | Killed Terence
  9002 | D:2      | Killed Jessica
  9252 | D:5      | Reached skill level 6 in Spellcasting
  9317 | D:5      | Killed Ijyb
  9392 | D:6      | Killed Sigmund
  9393 | D:6      | Reached XP level 9. HP: 45/45 MP: 19/20
  9420 | D:6      | Noticed Duvessa
  9474 | D:6      | Noticed Menkaure
  9476 | D:6      | Killed Menkaure
  9477 | D:6      | Reached skill level 5 in Dodging
  9545 | D:6      | Noticed Dowan
  9578 | D:6      | Killed Edmund
  9765 | D:6      | Found a shadowy altar of Dithmenos.
  9769 | D:6      | Found a hazy altar of Hepliaklqana.
  9958 | D:6      | Killed Duvessa
  9959 | D:6      | Reached skill level 5 in Stealth
  9959 | D:6      | Killed Dowan
 10260 | D:8      | Noticed a troll
 10534 | D:8      | Reached skill level 10 in Air Magic
 10667 | D:8      | Found a staircase to the Lair.
 10668 | D:8      | Noticed a komodo dragon
 10758 | D:8      | Reached * piety under Vehumet
 10758 | D:8      | Offered knowledge of Sandblast by Vehumet.
 11104 | D:8      | Killed a komodo dragon
 11258 | D:8      | Killed a troll
 11414 | D:8      | Reached XP level 10. HP: 42/50 MP: 18/21
 11564 | D:9      | Learned a level 1 spell: Sandblast
 12418 | D:9      | Reached skill level 7 in Spellcasting
 12669 | D:9      | Noticed Erica
 12869 | D:9      | Learned a level 3 spell: Tukima's Dance
 13205 | D:10     | Entered Level 10 of the Dungeon
 13220 | D:10     | Reached skill level 1 in Hexes
 13224 | D:10     | Reached skill level 1 in Earth Magic
 13357 | D:10     | Reached ** piety under Vehumet
 13387 | D:10     | Offered knowledge of Foxfire by Vehumet.
 13800 | D:10     | Reached skill level 8 in Spellcasting
 14027 | D:10     | Found a white marble altar of Elyvilon.
 14201 | D:11     | Reached skill level 5 in Hexes
 14312 | D:11     | Found a staircase to the Orcish Mines.
 14377 | D:11     | Found a flagged portal.
 14391 | Bailey   | Entered a bailey
 14461 | Bailey   | Noticed an orc knight
 14508 | Bailey   | Killed an orc knight
 14714 | Bailey   | Reached XP level 11. HP: 54/54 MP: 18/25
 14733 | Bailey   | Noticed an orc sorcerer
 14738 | Bailey   | Killed an orc sorcerer
 14739 | Bailey   | Reached skill level 5 in Earth Magic
 15057 | Bailey   | Offered knowledge of Inner Flame by Vehumet.
 15163 | Bailey   | Found an iron altar of Okawaru.
 15165 | Bailey   | Noticed an orc sorcerer
 15220 | Bailey   | Killed an orc sorcerer
 15354 | Bailey   | Noticed an orc knight
 15387 | Bailey   | Reached skill level 9 in Spellcasting
 15411 | Bailey   | Killed an orc knight
 15804 | Bailey   | Reached *** piety under Vehumet
 15944 | D:11     | Noticed a boulder beetle
 16202 | D:11     | Killed a boulder beetle
 16423 | D:11     | Noticed a two-headed ogre
 16447 | D:11     | Killed a two-headed ogre
 16841 | Lair:1   | Entered Level 1 of the Lair of Beasts
 16880 | Lair:1   | Noticed a seven-headed hydra
 16888 | Lair:1   | - the old single-space teleport
 16929 | Lair:1   | Reached skill level 10 in Hexes
 17011 | Lair:1   | Found a runed translucent gate.
 17011 | Lair:1   | Found a runed translucent gate.
 17011 | Lair:1   | Found a runed translucent gate.
 17090 | Lair:1   | Offered knowledge of Stone Arrow by Vehumet.
 17242 | Lair:1   | Found a dark tunnel.
 17252 | Lair:1   | Learned a level 3 spell: Stone Arrow
 17258 | Lair:1   | Learned a level 5 spell: Freezing Cloud
 17295 | Volcano  | Entered a volcano
 17570 | Volcano  | Reached XP level 12. HP: 55/59 MP: 27/27
 17770 | Volcano  | Found a bloodstained altar of Trog.
 17799 | Volcano  | - whoops
 18183 | Volcano  | Found a radiant altar of Vehumet.
 18418 | Lair:1   | Killed a seven-headed hydra
 18879 | Lair:2   | Found a gate leading to a gauntlet.
 18893 | Lair:2   | Reached **** piety under Vehumet
 18912 | Gauntlet | Entered a Gauntlet
 18912 | Gauntlet | Found a transporter.
 18912 | Gauntlet | Found a transporter.
 18912 | Gauntlet | Found a large runed translucent door.
 18912 | Gauntlet | Found a large runed translucent door.
 18912 | Gauntlet | Found a large runed translucent door.
 18912 | Gauntlet | Found a large runed translucent door.
 18912 | Gauntlet | Found a large runed translucent door.
 18912 | Gauntlet | Found a large runed translucent door.
 18912 | Gauntlet | Found a runed translucent door.
 18912 | Gauntlet | Found a runed translucent door.
 18912 | Gauntlet | Found a large runed translucent door.
 18912 | Gauntlet | Found a large runed translucent door.
 18912 | Gauntlet | Found a large runed translucent door.
 18912 | Gauntlet | Found a large runed translucent door.
 18912 | Gauntlet | Found a large runed translucent door.
 18912 | Gauntlet | Found a large runed translucent door.
 18916 | Gauntlet | Found a transporter.
 18916 | Gauntlet | Found a transporter.
 18924 | Gauntlet | Found a transporter.
 18942 | Gauntlet | Found a large runed translucent door.
 18942 | Gauntlet | Found a large runed translucent door.
 18944 | Gauntlet | Found a runed translucent gate.
 18945 | Gauntlet | Found a runed translucent gate.
 18946 | Gauntlet | Found a runed translucent gate.
 18946 | Gauntlet | Found a transporter.
 18965 | Gauntlet | Found a transporter.
 18975 | Gauntlet | Found a transporter.
 18975 | Gauntlet | Found a transporter.
 18978 | Gauntlet | Found a transporter.
 18994 | Gauntlet | Found a transporter.
 19064 | Gauntlet | Found a transporter.
 19083 | Gauntlet | Found a transporter.
 19172 | Gauntlet | Found a large runed translucent door.
 19172 | Gauntlet | Found a large runed translucent door.
 19192 | Gauntlet | Found a transporter.
 19217 | Gauntlet | Found a transporter.
 19221 | Gauntlet | Found a transporter.
 19579 | Gauntlet | Learned a level 6 spell: Invisibility
 19612 | Gauntlet | Reached skill level 1 in Fighting
 19613 | Gauntlet | Offered knowledge of Lee's Rapid Deconstruction by Vehumet.
 19627 | Gauntlet | Identified the ring of Reimbursement {rN+ Int+4}
 19910 | Gauntlet | Identified the ring "Fuseptad" {rF+ rC++}
 19917 | Gauntlet | - not too shabby
 19971 | Gauntlet | Noticed a minotaur
 20003 | Gauntlet | Killed a minotaur
 20045 | Gauntlet | Gained mutation: Armour fits poorly on your strangely
                  | shaped body. [mutagenic glow]
 20046 | Gauntlet | - oops forgot about that
 20458 | Lair:2   | Noticed an eight-headed hydra
 20589 | Lair:2   | Found a staircase to the Snake Pit.
 20679 | Lair:2   | Killed an eight-headed hydra
 20680 | Lair:2   | Reached skill level 10 in Spellcasting
 20855 | Lair:2   | Noticed a five-headed hydra
 20860 | Lair:2   | Killed a five-headed hydra
 21126 | Lair:2   | Reached skill level 11 in Spellcasting
 21263 | Lair:2   | Reached XP level 13. HP: 68/68 MP: 30/30
 21339 | Lair:2   | Learned a level 5 spell: Lee's Rapid Deconstruction
 22119 | Lair:3   | Reached skill level 12 in Spellcasting
 22120 | Lair:3   | Reached ***** piety under Vehumet
 22254 | Lair:3   | Offered knowledge of Sticky Flame by Vehumet.
 24239 | Lair:4   | Found a staircase to the Swamp.
 25921 | Lair:6   | Entered Level 6 of the Lair of Beasts
 26188 | Lair:6   | Found a staircase to the Slime Pits.
 26843 | Lair:6   | Reached XP level 14. HP: 70/74 MP: 19/32
 26956 | Lair:6   | Offered knowledge of Iskenderun's Mystic Blast by Vehumet.
 27080 | Lair:6   | Learned a level 4 spell: Iskenderun's Mystic Blast
 27189 | Lair:6   | Found a runed translucent door.
 27191 | Lair:6   | Noticed pkoi's ghost (journeyman DrCj)
 27971 | Lair:6   | Reached skill level 15 in Air Magic
 27978 | Lair:6   | Reached skill level 1 in Evocations
 29039 | D:9      | Killed Erica
 29182 | Orc:1    | Entered Level 1 of the Orcish Mines
 29346 | Orc:2    | Entered Level 2 of the Orcish Mines
 29614 | Orc:2    | Found a staircase to the Elven Halls.
 29736 | Orc:2    | Reached skill level 13 in Spellcasting
 30243 | Orc:2    | Found Enefait's Magic Scroll Boutique.
 30262 | Orc:2    | Reached skill level 5 in Evocations
 30426 | Orc:2    | Found Osih's Magic Scroll Shop.
 30685 | Orc:2    | Gained mutation: Your body sometimes deteriorates upon
                  | taking damage. [a neqoxec]
 30807 | Orc:2    | Offered knowledge of Starburst by Vehumet.
 30912 | Orc:2    | Bought a scroll of identify for 30 gold pieces
 30912 | Orc:2    | Bought a scroll of teleportation for 45 gold pieces
 30912 | Orc:2    | Bought a scroll of identify for 30 gold pieces
 30912 | Orc:2    | Bought a scroll of identify for 30 gold pieces
 30912 | Orc:2    | Bought a scroll of identify for 30 gold pieces
 30920 | Orc:2    | Bought a scroll of identify for 28 gold pieces
 30920 | Orc:2    | Bought a scroll of identify for 28 gold pieces
 31253 | Orc:2    | Reached skill level 14 in Spellcasting
 31766 | Orc:2    | Found Edaifuwi's Book Emporium.
 31766 | Orc:2    | Found Xiragrue's Antique Weapon Shoppe.
 31767 | Orc:2    | Found a one-way gate leading to the halls of Pandemonium.
 32324 | Orc:1    | Found Vecraw's Firing Range.
 32394 | Orc:2    | Reached skill level 15 in Spellcasting
 33111 | D:12     | Reached skill level 1 in Shields
 33200 | D:12     | Found an iron altar of Okawaru.
 33372 | D:12     | Reached XP level 15. HP: 76/78 MP: 25/36
 33493 | D:12     | Noticed Erolcha
 33499 | D:12     | Killed Erolcha
 34284 | D:12     | Reached skill level 5 in Fighting
 34284 | D:12     | Reached XP level 16. HP: 87/87 MP: 37/37
 34360 | D:13     | Offered knowledge of Iskenderun's Battlesphere by Vehumet.
 34745 | D:13     | Noticed Nessos
 34747 | D:13     | Noticed Nessos
 34747 | D:13     | Nessos changed into Nessos the redback
 34752 | D:13     | Killed Nessos the redback
 34964 | D:13     | Reached skill level 10 in Dodging
 35039 | D:13     | Found a shimmering blue altar of Sif Muna.
 35313 | D:13     | Got the Papyrus of Execration and Earth
 35315 | D:13     | Got the Grimoire of the Trees
 35400 | D:13     | Got the Disquisition on Envenoming
 35425 | D:13     | Reached skill level 5 in Shields
 35453 | D:13     | Got Asmodeus's Catalogue of Calling
 35574 | D:13     | Found Koothaly's Armour Boutique.
 35594 | D:13     | Found a runed translucent door.
 35595 | D:13     | Noticed Pyewn's ghost (journeyman TrBe)
 35945 | D:13     | Noticed Rupert
 36355 | D:13     | Found a gate to the Vaults.
 36520 | D:13     | Paralysed by Rupert for 3 turns
 36523 | D:13     | - so thats eight in a row on 30%... oh gamblers fallacy how
                  | you do me
 36553 | D:13     | Killed Rupert
 37352 | D:14     | Reached skill level 1 in Armour
 37793 | D:14     | Offered knowledge of Lightning Bolt by Vehumet.
 38306 | D:14     | Noticed a storm dragon
 38442 | D:15     | Entered Level 15 of the Dungeon
 38559 | D:15     | Reached skill level 5 in Armour
 38892 | D:15     | Noticed Kirke
 38899 | D:15     | Noticed a sphinx
 38903 | D:15     | Killed Kirke
 39425 | D:15     | Found a staircase to the Depths.
 39643 | D:13     | Learned a level 5 spell: Lightning Bolt
 39648 | D:13     | Learned a level 2 spell: Blink
 39774 | Orc:2    | Bought a scroll of teleportation for 42 gold pieces
 39774 | Orc:2    | Bought a scroll of fear for 49 gold pieces
 39776 | Orc:2    | Bought a scroll of summoning for 142 gold pieces
 40169 | Swamp:1  | Entered Level 1 of the Swamp
 40863 | Swamp:1  | Reached XP level 17. HP: 95/95 MP: 34/38
 43426 | Swamp:3  | Identified the ring of the Sky {*Slow rElec AC+4 Int+2}
 44199 | Swamp:3  | Noticed a tentacled monstrosity
 44266 | Swamp:3  | Killed a tentacled monstrosity
 44755 | Swamp:4  | Entered Level 4 of the Swamp
 45178 | Swamp:4  | Offered knowledge of Eringya's Noxious Bog by Vehumet.
 45727 | Swamp:4  | Reached skill level 10 in Conjurations
 46990 | Swamp:4  | Got Sif Muna's Grimoire of Displacement and Clay
 46991 | Swamp:4  | - sha sha sha shatter
 47284 | Swamp:4  | Got a decaying rune of Zot
 47450 | Swamp:4  | Reached XP level 18. HP: 63/105 MP: 20/39
 48018 | Snake:1  | Entered Level 1 of the Snake Pit
 48018 | Snake:1  | Noticed Louise
 48487 | Snake:1  | Found Fahyrchy's Gadget Gallery.
 49264 | Snake:2  | Found Cammai's Antique Weapon Shoppe.
 50413 | Snake:2  | Found Boxyokiu's Antique Weapon Shop.
 50941 | Snake:3  | Noticed Aizul
 50989 | Snake:3  | Noticed Vashnia
 51031 | Snake:3  | Killed Vashnia
 51258 | Snake:3  | Killed Aizul
 51472 | Snake:3  | Offered knowledge of Lehudib's Crystal Spear by Vehumet.
 53129 | Snake:4  | Entered Level 4 of the Snake Pit
 54441 | Snake:4  | Found Tounene's Jewellery Emporium.
 54442 | Snake:4  | Found Opong's Book Shop.
 54444 | Snake:4  | Found Cezi's Jewellery Emporium.
 56058 | Snake:4  | Reached skill level 16 in Spellcasting
 56493 | Snake:4  | Got a serpentine rune of Zot
 56683 | Snake:1  | Cast into level 2 of the Abyss (Louise)
 56683 | Abyss:2  | Found a corrupted altar of Lugonu.
 56684 | Abyss:2  | - well this sucks
 56722 | Abyss:2  | Reached XP level 19. HP: 96/110 MP: 23/41
 56792 | Snake:1  | Escaped the Abyss
 56803 | Snake:1  | Killed Louise
 56804 | Snake:1  | Reached skill level 17 in Spellcasting
 57148 | D:11     | Acquired 407 gold pieces
 57579 | Snake:4  | Bought the ring "Goigecs" {rElec rPois rCorr Dex-2 SInv}
                  | for 458 gold pieces
 58066 | D:8      | Learned a level 8 spell: Lehudib's Crystal Spear
 58066 | D:8      | Acquired 735 gold pieces
 58237 | Vaults:1 | Entered Level 1 of the Vaults
 58281 | D:13     | - may have been premature to retire stonearrow
 58453 | Vaults:1 | Found a crumbling gateway.
 58475 | Vaults:1 | - it just gets scarier
 58505 | Vaults:1 | Reached ****** piety under Vehumet
 58557 | Vaults:1 | - and here i am bout to lose the game
 58557 | Vaults:1 | - but come on you cant skip this stuff
 58634 | Desolati | Entered the Desolation of Salt
 59007 | Desolati | - how are all these fucks finding me
 59007 | Desolati | - i thought this was a noisy place
 59027 | Desolati | Got the Collected Works on Moulding
 59032 | Desolati | Got the Collected Works on Cold
 59035 | Desolati | Got the Almanac of Enthralling Changing
 59174 | Desolati | Reached skill level 10 in Earth Magic
 60216 | Desolati | Identified the +6 mace of Unreason {vorpal, Fly rF+ Dex-3
                  | SInv}
 60242 | Desolati | - didnt think about poison did you
 60244 | Desolati | - i could use a controlled blink right now
 60308 | Desolati | - feelin pretty boned here... own fault of course
 60414 | Desolati | - DANGIT
 60423 | Desolati | Offered knowledge of Fire Storm by Vehumet.
 60423 | Desolati | Offered knowledge of Chain Lightning by Vehumet.
 60423 | Desolati | Offered knowledge of Ignition by Vehumet.
 60436 | Desolati | - dang where are the clouds
 61205 | Desolati | Identified the amulet of the Sky {Reflect Str+3 SH+5}
 62032 | Desolati | Got Wefarif's Compendium of Envenoming and Changing
 62280 | Vaults:1 | Reached skill level 18 in Spellcasting
 64109 | Vaults:1 | Reached skill level 1 in Long Blades
 64518 | Vaults:1 | Reached XP level 20. HP: 101/115 MP: 10/44
 65158 | Vaults:2 | Found Gusevoff's Antique Armour Boutique.
 66764 | Vaults:2 | Identified the ring of Xom's Recklessness {rPois Will+
                  | Str+3}
 66809 | Vaults:2 | Reached skill level 15 in Conjurations
 67312 | Vaults:2 | Found a staircase to the Crypt.
 67312 | Vaults:2 | Found an ancient bone altar of Kikubaaqudgha.
 67313 | Vaults:2 | Found a basalt altar of Yredelemnul.
 68307 | Vaults:3 | Reached skill level 5 in Long Blades
 68406 | Vaults:3 | Found Wamp's Assorted Antiques.
 68415 | Vaults:3 | Reached skill level 10 in Armour
 68416 | Vaults:3 | Bought a scroll labelled COAKAOK FOUNUJ for 44 gold pieces
 69059 | Vaults:3 | Noticed Mennas
 69337 | Vaults:3 | Noticed Mara
 69344 | Vaults:3 | Noticed grimtooth's illusion
 69346 | Vaults:3 | Killed Mara
 69355 | Vaults:3 | - not too shabby
 69977 | Vaults:3 | Gained mutation: You tend to lose your temper in combat.
                  | [mutagenic glow]
 69983 | Vaults:3 | - was that seriously three miscast in a row
 70596 | Vaults:3 | Reached skill level 15 in Dodging
 71123 | Vaults:3 | Killed Mennas
 71124 | Vaults:3 | Reached XP level 21. HP: 120/120 MP: 20/45
 71386 | Vaults:3 | - feelin tough now thats a bad sign
 72417 | Vaults:4 | Noticed Margery
 72420 | Vaults:4 | Killed Margery
 73930 | Vaults:4 | Reached skill level 19 in Spellcasting
 74353 | Vaults:2 | Bought a spiked leather armour for 252 gold pieces
 74353 | Vaults:2 | Identified the +1 leather armour of the Scribe {rN++ Will-
                  | Dex+4 SInv} (You bought it in a shop on level 2 of the
                  | Vaults)
 74353 | Vaults:2 | Bought a polished buckler for 342 gold pieces
 74353 | Vaults:2 | Identified the +4 buckler of Boiling Hail {Will++ Regen+
                  | rCorr MP-9} (You bought it in a shop on level 2 of the
                  | Vaults)
 74501 | D:13     | Learned a level 9 spell: Chain Lightning
 74632 | Orc:2    | Bought a manual of Spellcasting for 1200 gold pieces
 74692 | Elf:1    | Entered Level 1 of the Elven Halls
 74870 | Elf:1    | Found Jojegh's Book Shop.
 75117 | D:13     | Lost mutation: Your body sometimes deteriorates upon taking
                  | damage. [potion of mutation]
 75117 | D:13     | Gained mutation: You passively map a small area around you.
                  | [potion of mutation]
 75117 | D:13     | Gained mutation: You are partially covered in iridescent
                  | scales. (AC +2) [potion of mutation]
 75118 | D:13     | Lost mutation: You are partially covered in iridescent
                  | scales. (AC +2) [potion of mutation]
 75118 | D:13     | Lost mutation: You passively map a small area around you.
                  | [potion of mutation]
 75118 | D:13     | Lost mutation: Armour fits poorly on your strangely shaped
                  | body. [potion of mutation]
 75118 | D:13     | Gained mutation: You are agile. (Dex +2) [potion of
                  | mutation]
 75118 | D:13     | Gained mutation: You are very agile. (Dex +4) [potion of
                  | mutation]
 75118 | D:13     | Lost mutation: You tend to lose your temper in combat.
                  | [potion of mutation]
 75519 | Elf:1    | Found a radiant altar of Vehumet.
 75569 | Elf:1    | Noticed Asterion
 75589 | Elf:1    | Killed Asterion
 76065 | Elf:1    | Paralysed by an air elemental for 1 turns
 76181 | Elf:1    | Paralysed by an air elemental for 1 turns
 76609 | Elf:2    | Noticed Saint Roka
 76619 | Elf:2    | Killed Saint Roka
 76811 | Elf:2    | Reached XP level 22. HP: 125/125 MP: 32/47
 77074 | Elf:2    | Reached skill level 20 in Spellcasting
 77259 | Elf:2    | Found a runed translucent gate.
 77261 | Elf:2    | Found a runed translucent gate.
 77261 | Elf:2    | Found a runed translucent gate.
 77375 | Elf:2    | Reached skill level 10 in Long Blades
 77548 | Elf:3    | Entered Level 3 of the Elven Halls
 77592 | Elf:3    | Found Diwopn's Weapon Emporium.
 78506 | D:13     | Reached skill level 1 in Translocations
 79049 | Elf:3    | Identified the ring "Riurir" {Will- rCorr MP-9 Str+4 Int+4}
 79565 | Elf:3    | Identified the +3 mace "Pesoigg" {spect, +Blink rN++ Will+
                  | Str+3}
 79847 | Elf:3    | Identified the +6 quarterstaff of Doubt {vorpal, Fragile
                  | Str+3}
 79865 | Elf:3    | Reached skill level 5 in Translocations
 80346 | Elf:3    | Got Nuwyot's Volume of the Frostbite
 80351 | Elf:3    | Identified the +1 ring mail of Eternal Vigilance {Dex+5}
 80368 | Elf:3    | Got the Catalogue of the Escort and Toxins
 80819 | Slime:1  | Entered Level 1 of the Pits of Slime
 82131 | Slime:3  | Reached skill level 15 in Earth Magic
 82367 | Slime:4  | Reached XP level 23. HP: 129/129 MP: 40/49
 82887 | Slime:5  | Entered Level 5 of the Pits of Slime
 83146 | Slime:4  | Gained mutation: Armour fits poorly on your strangely
                  | shaped body. [a shining eye]
 83716 | Slime:5  | Found a viscous altar of Jiyva.
 83718 | Slime:5  | Noticed the Royal Jelly
 84029 | Slime:5  | Killed the Royal Jelly
 84056 | Slime:5  | Got the Almanac of Dislocation
 84059 | Slime:5  | Identified the +1 steam dragon scales "Sogurrite" {Regen+
                  | Dex+2}
 84187 | Slime:5  | Identified the +4 demon blade "Waimiz" {freeze, +Blink
                  | +Rage}
 84250 | Slime:5  | Identified the +6 morningstar "Duakoud" {speed, rPois rCorr
                  | Int-3}
 84271 | Slime:5  | Got a slimy rune of Zot
 84962 | Vaults:5 | Entered Level 5 of the Vaults
 85135 | Vaults:5 | Noticed a dread lich
 85137 | Vaults:5 | Found Xuimom's General Store.
 85330 | Vaults:5 | Noticed an ancient lich
 85360 | Vaults:4 | - whew
 85686 | Vaults:4 | - this is probably too hairy
 86046 | Snake:1  | Bought a wand of acid (5) for 216 gold pieces
 86046 | Snake:1  | Bought a wand of iceblast (3) for 84 gold pieces
 86304 | Orc:2    | Bought a scroll of enchant weapon for 112 gold pieces
 86556 | Snake:1  | Bought a wand of acid (6) for 240 gold pieces
 86833 | Depths:1 | Entered Level 1 of the Depths
 86861 | Depths:1 | Reached skill level 21 in Spellcasting
 87281 | Depths:1 | Found a one-way gate to the infinite horrors of the Abyss.
 87324 | Depths:1 | You are sucked into a shaft and drop 1 floor!
 87420 | Depths:2 | Noticed a juggernaut
 87436 | Depths:2 | Killed a juggernaut
 87446 | Depths:2 | Reached XP level 24. HP: 96/135 MP: 8/50
 87670 | Depths:2 | Found a radiant altar of Vehumet.
 87816 | Depths:2 | Found Cumed's Assorted Antiques.
 87822 | Depths:2 | Bought a scroll of fear for 112 gold pieces
 88262 | Depths:2 | Reached skill level 22 in Spellcasting
 88330 | Depths:2 | Found a gateway to Hell.
 88630 | Depths:2 | Found Medoolid's Assorted Antiques.
 89973 | Depths:3 | Learned a level 9 spell: Shatter
 90053 | Depths:3 | Found a gateway to a ziggurat.
 90430 | Depths:3 | Noticed Nikola
 90434 | Depths:3 | Identified the +7 scale mail "Kywna" {rCorr}
 90439 | Depths:3 | Killed Nikola
 90451 | Depths:3 | Reached skill level 23 in Spellcasting
 90897 | Depths:3 | Identified the +9 quarterstaff "Qaczymikh" {speed, rElec
                  | Str+4}
 91139 | Depths:3 | Found Binyepp's Weapon Emporium.
 91448 | Depths:3 | Identified the +2 chain mail of Honesty {*Slow rN+ Str+3}
 92543 | Depths:4 | Noticed Boris
 92550 | Depths:4 | Killed Boris
 93188 | Depths:4 | Found the +8 orange crystal plate armour {Archmagi, Int+3
                  | Clar}
 93285 | Depths:4 | Noticed a juggernaut
 93601 | Depths:4 | Reached skill level 24 in Spellcasting
 93625 | Depths:4 | Reached XP level 25. HP: 123/140 MP: 26/53
 93857 | Depths:4 | Killed a juggernaut
 94216 | Depths:5 | Entered Level 5 of the Depths
 94594 | Depths:5 | - wow i am careless what the heck
 95525 | Depths:5 | Found a gate to the Realm of Zot.
 96792 | Depths:5 | Found an ornate altar of the Wu Jian Council.
 97101 | Orc:2    | Bought a scroll of enchant weapon for 112 gold pieces
 97101 | Orc:2    | Bought a scroll of enchant weapon for 112 gold pieces
 97101 | Orc:2    | Bought a scroll of enchant weapon for 112 gold pieces
 97548 | Vaults:5 | Found Rayf's Distillery.
 97577 | Vaults:5 | Bought a potion of heal wounds for 80 gold pieces
 97577 | Vaults:5 | Bought a potion of magic for 128 gold pieces
 97577 | Vaults:5 | Bought a potion of heal wounds for 80 gold pieces
 97577 | Vaults:5 | Bought a potion of brilliance for 64 gold pieces
 97577 | Vaults:5 | Bought a potion of brilliance for 64 gold pieces
 97695 | Vaults:5 | Noticed a dread lich
 97697 | Vaults:5 | Found Xissewuv's Antique Armour Shop.
 97697 | Vaults:5 | Found Uclij's General Store.
 97702 | Vaults:5 | Noticed a dread lich
 97705 | Vaults:5 | Killed a dread lich
 97706 | Vaults:5 | Killed a dread lich
 97706 | Vaults:5 | Killed an ancient lich
 97707 | Vaults:5 | Reached skill level 10 in Fighting
 97715 | Vaults:5 | Noticed an ancient lich
 98269 | Vaults:5 | Reached XP level 26. HP: 96/149 MP: 36/53
 98486 | Vaults:4 | Killed a dread lich
 98942 | Vaults:5 | - ok this goes poorly
 98968 | Vaults:5 | Killed an ancient lich
 99057 | Vaults:5 | Bought a potion of heal wounds for 90 gold pieces
 99763 | Vaults:5 | Found Natusugh's Antique Weapon Shop.
100074 | Vaults:5 | Reached skill level 25 in Spellcasting
100261 | Vaults:5 | Bought 2 potions of heal wounds for 230 gold pieces
100261 | Vaults:5 | Bought 2 scrolls of teleportation for 138 gold pieces
100265 | Vaults:5 | Got a silver rune of Zot
100266 | Vaults:5 | - finally
100273 | Vaults:5 | Found Tuoquwk's Book Boutique.
100521 | Vaults:5 | Found Qoanturi's Magic Scroll Shoppe.
100526 | Vaults:5 | Bought a scroll of teleportation for 72 gold pieces
100526 | Vaults:5 | Bought a scroll of teleportation for 72 gold pieces
100586 | Vaults:5 | Bought a scroll of blinking for 180 gold pieces
100964 | Vaults:5 | Bought a manual of Dodging for 800 gold pieces
101017 | Vaults:5 | Bought a scroll of fog for 48 gold pieces
101017 | Vaults:5 | Bought a scroll of fear for 84 gold pieces
101017 | Vaults:5 | Bought a scroll of summoning for 228 gold pieces
101017 | Vaults:5 | Bought a scroll of fear for 84 gold pieces
101391 | Lair:1   | Noticed Aldia's ghost (journeyman DECj)
101394 | Lair:1   | Killed Aldia's ghost
101418 | Lair:1   | Got the ring "Earthly Heaven" {Fire rN+ Will+ rCorr}
101738 | Zot:1    | Entered Level 1 of the Realm of Zot
104209 | Zot:2    | Reached XP level 27. HP: 157/157 MP: 29/54
104765 | Zot:3    | Noticed an orb of fire
104774 | Zot:3    | Killed an orb of fire
105068 | Zot:3    | Reached skill level 15 in Long Blades
105694 | Zot:2    | Learned a level 5 spell: Yara's Violent Unravelling
106096 | Zot:3    | Identified the +1 scale mail of the Elven Halls {+Blink
                  | rCorr Dex+3}
106134 | Zot:3    | Reached skill level 1 in Transmutations
106765 | Zot:3    | Reached skill level 10 in Stealth
108312 | Zot:4    | HP: 7/160 [??? (4)]
108417 | Zot:4    | - that was some bad news
108694 | Zot:4    | Noticed an orb of fire
108703 | Zot:4    | Killed an orb of fire
108715 | Zot:4    | Reached skill level 5 in Transmutations
109732 | Vaults:5 | Bought a potion of invisibility for 128 gold pieces
109732 | Vaults:5 | Bought a potion of haste for 160 gold pieces
109763 | Vaults:5 | Bought a potion of invisibility for 144 gold pieces
110039 | Depths:2 | Bought a wand of polymorph (5) for 64 gold pieces
110039 | Depths:2 | Bought a scroll of fear for 112 gold pieces
110863 | Zot:4    | Noticed an orb of fire
110866 | Zot:4    | Gained mutation: You tend to lose your temper in combat.
                  | [an orb of fire]
110869 | Zot:4    | Gained mutation: You expend magic power (3 MP) to
                  | strengthen your wands. [an orb of fire]
110874 | Zot:4    | Killed an orb of fire
110937 | Zot:4    | Acquired the ring of Gicsex {Fly rCorr Int+4 Dex+5}
111543 | Zot:5    | Entered Level 5 of the Realm of Zot
113190 | Zot:5    | Noticed an orb of fire
113218 | Zot:5    | Noticed an ancient lich
113226 | Zot:5    | Noticed an orb of fire
113228 | Zot:5    | Noticed a dread lich
113250 | Zot:5    | Noticed an orb of fire
113533 | D:13     | Lost mutation: You tend to lose your temper in combat.
                  | [potion of mutation]
113533 | D:13     | Lost mutation: Armour fits poorly on your strangely shaped
                  | body. [potion of mutation]
113533 | D:13     | Gained mutation: You have a somewhat thin skeletal
                  | structure. (Dex +2, Stealth+) [potion of mutation]
113533 | D:13     | Gained mutation: Your movements are slightly less
                  | encumbered by armour. (ER -2) [potion of mutation]
113604 | Depths:2 | Bought a pair of glowing boots for 240 gold pieces
113778 | Vaults:2 | Bought a pair of embroidered boots for 270 gold pieces
114006 | Orc:1    | Bought 2 throwing nets for 78 gold pieces
114006 | Orc:1    | Bought a throwing net for 39 gold pieces
114337 | Crypt:1  | Entered Level 1 of the Crypt
114513 | Crypt:1  | Noticed Boris
114516 | Crypt:1  | Killed Boris
115312 | Crypt:2  | Found a magical portal.
115347 | WizLab   | Entered Iskenderun's Mystic Tower
116444 | WizLab   | Got Iskenderun's Papyrus of Confrontation
117259 | Crypt:3  | Entered Level 3 of the Crypt
117541 | Crypt:3  | Noticed Jory
117557 | Crypt:3  | Killed Jory
118558 | Crypt:3  | Found a staircase to the Tomb.
118558 | Crypt:3  | Noticed a royal mummy
118570 | Crypt:3  | Killed a royal mummy
119184 | Crypt:3  | Found a basalt altar of Yredelemnul.
120157 | Vaults:3 | Bought a pair of embroidered boots for 330 gold pieces
120576 | Zot:5    | Killed an orb of fire
120582 | Zot:5    | Gained mutation: Potions are less effective at restoring
                  | your health. [an orb of fire]
120583 | Zot:5    | Gained mutation: You tend to lose your temper in combat.
                  | [an orb of fire]
120584 | Zot:5    | Killed an orb of fire
120709 | Zot:5    | Killed an orb of fire
120873 | Zot:5    | Reached skill level 15 in Armour
120877 | Zot:5    | Reached skill level 15 in Fighting
120921 | Zot:5    | Reached skill level 10 in Evocations
121078 | Zot:5    | Killed an ancient lich
121189 | Zot:5    | Killed a dread lich
121518 | Zot:5    | Noticed an orb of fire
121519 | Zot:5    | Gained mutation: You sometimes lose the ability to read
                  | scrolls when taking damage. [an orb of fire]
121523 | Zot:5    | Killed an orb of fire
121712 | Zot:5    | Learned a level 6 spell: Statue Form
121959 | D:13     | Lost mutation: You expend magic power (3 MP) to strengthen
                  | your wands. [potion of mutation]
121959 | D:13     | Lost mutation: Potions are less effective at restoring your
                  | health. [potion of mutation]
121959 | D:13     | Lost mutation: You sometimes lose the ability to read
                  | scrolls when taking damage. [potion of mutation]
121959 | D:13     | Gained mutation: You have sharp toenails. [potion of
                  | mutation]
121960 | D:13     | Lost mutation: You are very agile. (Dex +4) [potion of
                  | mutation]
121960 | D:13     | Lost mutation: You tend to lose your temper in combat.
                  | [potion of mutation]
121960 | D:13     | Gained mutation: Potions are less effective at restoring
                  | your health. [potion of mutation]
121960 | D:13     | Gained mutation: You have sharp fingernails. [potion of
                  | mutation]
122395 | Tomb:1   | Entered Level 1 of the Tomb of the Ancients
123234 | Tomb:1   | Reached skill level 1 in Throwing
123615 | Tomb:1   | Noticed a royal mummy
123623 | Tomb:1   | Killed a royal mummy
124754 | Tomb:1   | Reached skill level 5 in Throwing
124794 | Tomb:1   | Noticed a royal mummy
124794 | Tomb:1   | Noticed a royal mummy
124807 | Tomb:1   | Noticed a royal mummy
124808 | Tomb:1   | Killed a royal mummy
124889 | Tomb:1   | Killed a royal mummy
124892 | Tomb:1   | Noticed a royal mummy
124893 | Tomb:1   | Killed a royal mummy
125040 | Tomb:1   | Killed a royal mummy
125065 | Tomb:1   | Noticed a royal mummy
125099 | Tomb:1   | Killed a royal mummy
125324 | Tomb:1   | Noticed a royal mummy
125334 | Tomb:1   | Killed a royal mummy
125351 | Tomb:1   | Noticed a royal mummy
125357 | Tomb:1   | Killed a royal mummy
125364 | Tomb:1   | Noticed a royal mummy
125372 | Tomb:1   | Killed a royal mummy
126014 | Tomb:1   | Noticed a royal mummy
126021 | Tomb:1   | Noticed a royal mummy
126023 | Tomb:1   | Killed a royal mummy
126024 | Tomb:1   | Reached skill level 1 in Fire Magic
126028 | Tomb:1   | Killed a royal mummy
126165 | Tomb:1   | Noticed a royal mummy
126171 | Tomb:1   | Killed a royal mummy
126176 | Tomb:1   | Noticed a royal mummy
126179 | Tomb:1   | Killed a royal mummy
126396 | Tomb:1   | Noticed a royal mummy
126414 | Tomb:1   | Killed a royal mummy
126598 | Tomb:1   | Noticed a royal mummy
126657 | Tomb:1   | Noticed a royal mummy
126659 | Tomb:1   | Noticed a royal mummy
126659 | Tomb:1   | Noticed a royal mummy
126667 | Tomb:1   | Killed a royal mummy
126669 | Tomb:1   | Noticed a royal mummy
126671 | Tomb:1   | Killed a royal mummy
126672 | Tomb:1   | Reached skill level 5 in Fire Magic
126673 | Tomb:1   | Killed a royal mummy
126677 | Tomb:1   | Killed a royal mummy
126969 | Tomb:1   | Noticed a royal mummy
126974 | Tomb:1   | Killed a royal mummy
127392 | Tomb:1   | Noticed a royal mummy
127398 | Tomb:1   | Noticed a royal mummy
127403 | Tomb:1   | Killed a royal mummy
127412 | Tomb:1   | Killed a royal mummy
127951 | Hell     | Entered the Vestibule of Hell
127951 | Hell     | Noticed Geryon
128063 | Hell     | Killed Geryon
128070 | Hell     | Reached skill level 26 in Spellcasting
128212 | Hell     | Found a gateway to the freezing wastes of Cocytus.
128309 | Hell     | Found a gateway to the decaying netherworld of Tartarus.
128378 | Hell     | Found a gateway to the ashen valley of Gehenna.
128519 | Hell     | Found a gateway to the Iron City of Dis.
129096 | Tomb:2   | Noticed Boris
129097 | Tomb:2   | Noticed a royal mummy
129105 | Tomb:2   | - aaand i forgot to change my gear
129107 | Tomb:2   | Killed a royal mummy
129108 | Tomb:2   | Reached skill level 10 in Fire Magic
129109 | Tomb:2   | Noticed a royal mummy
129115 | Tomb:2   | - so flippin stupid
129115 | Tomb:2   | Killed Boris
129153 | Tomb:1   | Killed a royal mummy
129723 | D:13     | Learned a level 8 spell: Ignition
130016 | Tomb:2   | Noticed a royal mummy
130019 | Tomb:2   | Killed a royal mummy
130022 | Tomb:2   | Noticed a royal mummy
130022 | Tomb:2   | Noticed Sojobo
130023 | Tomb:2   | - now this is a problem
130023 | Tomb:2   | Slain by a bennu

Illustrated notes ##### #P....)....... ....^.).D..............#..# ....?..................P.# .........##..............## .#.......##...............# .......................##.# ................##......#.### .....(P.........##...##...... Turn 16888 on Lair:1: - the old single-space teleport #....# #.....# #### #..##..# ...# ##..# #..# ...#### ##..#+[#..# .....8###..# [!#N.# .†...[..))∩# #8(.# .....8###÷.## #..# §...### ##†.## #p.# ≈...## ##).###..# §§...## ##..##@.# §§≈...#######.....# §§≈≈....#...##....# §§§≈....#._......## ≈≈.....##...##...# ≈.....############ .§....# ....### ....# .#### ## Turn 17799 on Volcano: - whoops #8#......#©........#≈≈≈≈8 ###..#############.###### #..#...#.#...#.#.##.... #..#..#...#..#.#.#.#... #####..#.##...##.#.#.#..#.. #≈8≈#..##..#.#^^##.#.#...#. #...#..#...†©....#.#©#©...# #.8.#####..#^#..##.###...#. ##.....©#^#######.#...#..#.† ...8.####..#^..#..#...#÷#... #...#..#..@.©....#...##.†.. #.8.#..###########...###### #...#≈.............≈....... ...8.#∩............≈8≈...... ##...#≈.............≈....... #.8.#..###########...###### ##...#..#..X[©.)..#...#$.... ...8.####.#.....#.#...#..... ##.....©#..#####..#...##...h #.8.####..##.##..#.###[##.# ...#..#....©. ..#.#©#©..## Turn 19917 on Gauntlet: - not too shabby #..# #####..# #≈8≈#..# #######...#..# #....##.8.#### #.##.##.....©# #.##....8.#### #######.##.##...#..# #≈≈≈#.#....##.8.#..# #≈≈.#.#.##.##...#§.. #≈∩@..'.##....8.#∩.. #≈≈.#.#.##.##...#≈.. #≈≈≈#.#....##.8.#..# #######.##.##...#..# #.##....8.#### #.##.##.....©# #....##.8.#### ###### ...#..# #..# #..# #..# Turn 20046 on Gauntlet: - oops forgot about that #######.........#.............#.# # #.........#......##.....#.# # ##........####'####.....#.# #................#.....#.# #.........######.#.....#.# ### #.........# #.#.....#.# ..# #.........# #.#.....#.. #.# #.........# #.#######.. ..# #....#..@.# #.)........ ##### #....#....# #..)....... ....####....#...@######..#####... ##..#..#⌠...#............#####... ....#..'......................... ##..'.)#⌠)................)...... ....#.)'...###################### ##..#..#⌠.## ....####..# ##### #### ..# .⌠# ..# Turn 36523 on D:13: - so thats eight in a row on 30%... oh gamblers fallacy how you do me ≈≈.≈..≈.≈♣♣ ≈..♣..≈♣≈♣.♣♣ ..≈...≈...... ≈.≈...≈≈≈≈.≈♣♣♣♣ ..≈≈..§.≈≈≈≈.≈≈.♣♣ ..≈.....((≈≈...≈.♣ ♣...≈.......≈≈.≈♣ ♣.$.......@.≈♣ ♣..≈≈..≈≈...♣♣♣ ♣.≈..≈..≈≈...♣♣ ♣♣≈≈...≈.≈..[..♣ ♣.≈.≈≈...≈.≈.≈♣♣ ♣♣≈.≈..≈≈....♣♣ ♣≈.≈...≈...≈≈♣ ♣♣♣.≈≈≈≈≈....♣♣ ♣♣≈♣♣≈♣.≈..≈♣♣♣ ♣.♣♣♣♣.[÷.≈.♣ ♣♣♣♣♣♣.♣♣♣♣[≈♣≈.♣♣ Turn 46991 on Swamp:4: - sha sha sha shatter ............... ............... ............... ..........#.... .........#... ..##........... #..._.......... #....@....... ##...#...∩... ......# ......) ....#. .....#. .## # .....# ...### .... ..#.. Turn 56684 on Abyss:2: - well this sucks ............#.# #...# ............#.# #...# ............#.###...# ########....#.......## .......#....#........## .......#....#.........# .......#..............# .......#..............# .......#..............# .......#.........?.(..# .....#.#.......<@.....# .......#.......><.....# .......#'#............# ##....................# .#....................# .#..#.................# .#........#####.....#.# .#........#####..[...^# .#..................### .######'#...........# ........#...........# Turn 58281 on D:13: - may have been premature to retire stonearrow #.T....p.# *,,*,*,,**,,,,,, #..∩.....# *,,****+***+**** #..pZ....# **+**,,*,,*,,,,,* #.T......# *,,,+,,+,,*,,,,,* #........###* *,,,****,,*,,,,,* #....?....T.#* ***** ****,,,,,* *###+####..#..#### *,,,,,* ,,,,,* *.........# *****+* ,,,,,* *...T.....## *≈≈, ,,,,,* *.....p....##### *≈≈, **,*** *8.......@..[..# *,,, ,,,,,* *....∩.........# *,,, ****** *8..8.p........# *,,, ,,,,,* *....8....Y[..(# *≈≈, **,*** *8.....8.......# *≈≈, ,,,,,* *...........§.p# **** ,,,,,* *#.#.####....☼.# ,,,,,* *,..* #....p.########### ,*,*** *,*** #......'.......#.. ,*,,,* *,* #.....†'.......#.. ****,* *,* ########.......#.. Turn 58475 on Vaults:1: - it just gets scarier #........# **+**,,*,,*,, #.T......# *,,,+,,+,,*,, #........#### *,,,****,,*,, #....?......## ***** ****,, *****###+####..#..#### *,, ,,,,,,,,,* #.........# *** ,,,,,,,,,* #.........## ,,,,,,,,,* #..........##### ,*****,*** #8..........[..# ,,,*,,,,,* #....∩.........# ********** #8..8@.........# ,*,*,,,,,* #....8.....[...# **,***,*** #8.....8...).[.# ,,,,,,,,,* #...).....)....# ,,,,,,,,,* ##.#.####......# ,,,,,,,,,* #...# #......####### ****,*,*** #.### #......+...... ,,,*,*,,,* #.* #.....†+Y..... ********,* #,* ########...... ,,,,,*,*,* *,************#...... **,***,*,* *,,,,,,,,,,,,,#...... Turn 58557 on Vaults:1: - and here i am bout to lose the game ############### ############### ################ ################ ################ §§.............. §§§.............. §§§......@....... §#..§............ §....8........... §........8........a.. .........8........... §.......§§§§......... §#§§§§§§8.§.......... 8.8a§§§§8§§§......... 8.§§§§§§§8§§.........§ ...#§.§§.§§§§.......§. #§§§§§..8§§.....§.. Turn 59007 on Desolation: - how are all these fucks finding me ......8........ ............... .......8...................... ...a...8...................... ....................8..§.#.... ..........§..........8.§...... .8.......§§§§..........§...... .......8.§§.....8....§§§...... .#.......§§.....8....§§§...... #.................§§.§....... ##a ...........@..§§§§§...... #.. ..............§§.§§...... ..8......§§.§....).§§§§....... .........§§.§.S.#..§§.§§...... .........§§§...##...§...§..... .........§§.........§§........ .#....)..............§........ #...................§§....... ....................§§..... ..........##............... ......8..#................ Turn 60242 on Desolation: - didnt think about poison did you ......8........ ............... .......8...................... ...a...8.............8.§...... ........................§#.... .......................8...... .8.......§§............§...... .......8.§§.....§.888§§§...... .#.......§§.....8...§.§§...... #................§..§§....... ##a ........8..@...a§§§...... #.. .................§§...... ..8.............8).§.§§§...... ................#...§.§§...... ..........§..S.##...§8§§§..... .........§§.........§.§....... .#....)..§§..........§§....... #........§§.........§........ ....................§§..... ..........##............... ......8..#................ Turn 60244 on Desolation: - i could use a controlled blink right now

#..§§§.§§§§§§.............#######
##..§§§§§§§§§.............#######
)#..§§§§§§§§§§..........).#######
##..§§.§§S§§.§8...........#######
....§§§.§§§§§......§§..[..#######
§§§.§§§§§§.§.......§§.)#..#######
§§§§§§§.....§§.....§§.....#######
.§§§§§§.......§....§§.....#######
.#.§...§..§§..§§...§......#######
.#.....§#.§§§§§8..§§......#######
##......§§§§§§§§@§§.......#######
#.........§§.§§.§§§§......#######
.........§§§§§§..§§§......#######
.........§§§§§##...§......#######
...........§.[)...........#######
........§.................#######
#################################
#################################
#################################
#################################
#################################


Turn 60308 on Desolation: - feelin pretty boned here... own fault of course
................ ........§.§..... .....8....§§§§.. ###..........8......§§§.
###...........§..§§§§.§. ###..............§.§§§§§ ###............§§§§§§§§§
###..............§§...§. # #...............§§§.§. ###.#..............§§§§.
###.a..@............§§§§ ###..................§.§ ###.......8........#....
###.......8.........#... ###........8............ ###.........§...........
######################## ######################## ###################
################### ################### Turn 60414 on Desolation: - DANGIT
######..............§.§§§§§...... ######............§§§§§§§§§......
######..............§§...§...§#.. ######.................§.§...§#..
######.#..............§§§§....#.. ######.)...............§§§§......
######..................§.§...... ######................#......§...
######.................#......... ######..........................[
######..........@................ #################################
################################# #################################
################################# #################################
################################ ############################## Turn 60436 on
Desolation: - dang where are the clouds )#...#.......#.....).#
.#...#.......#.......# .#...#########.......# .#...# #.......# .#...# #.......#
.#...# #.......# ##...# ######### #..[# #..[# ##...###################
.....[..........@....... ........................ ).......................
##...#################'' .#..[# . .#...# .#...# .#...# .#...# .#...# .#...# Turn
69355 on Vaults:3: - not too shabby #..# #......# #.........#...# #..# #......#
###########...# ...# #......# #..[# ...# #......# #..[#
##########'#################...## ...............................[.
................................. ..........................)......
'###########################...## .### #..............#..[# ...##
#...@....u.....#...# ....# #..####..####..#...# ##..## #..#..#..#..#..#...#
#...# #..#.['..#..#..#...# ###..# #..####.[#'##u.#...# .....#
#..............#...# .....########..............#...#
###..#......'..####..##'#..'...# #...'......#..#..#..#..#..#...#
##..##......#..#..'..#..#..#...# .[..##......#..####..####..#...# Turn 69983 on
Vaults:3: - was that seriously three miscast in a row '....[..# #.##.##.#
#'###'#### #..[....# '..#..#..# #.##.##[# #..#..#..# #.##.##.# ###'##'###
#.......# #..#..#..#####+#'###'## #[[#.[#..'............#
###+##+###............# #..#..#..#............# #..#..#..#............#
###'##'###.[....@.....# #..#[.#..#[[..........# #..#..#..+............#
###'##'################ #..#..#..# #..#..#..# ########## # # # #### Turn 71386
on Vaults:3: - feelin tough now thats a bad sign .......#.#..........#
#.....##.####....#### ##...##..# ##..## .##.##...# #..# ..#.#^...# #..#
....[....# #### ########## .....##### ######### #....#...# #.......# .....'...#
#.......# ..####...####...@...# #.'.........'.......# ..#.#.....#.'.......#
###(........'.......# #####'##'#####'#### #..............# #..............#
#..............# #..............# #..............# #.^............# Turn 85360
on Vaults:4: - whew #.# ##.#.≈≈≈≈.#.##..#.## #.# #...[......##..#... #.#
##...####...##...... ..############............#######
####........##..###..###..# #.. #........#######'####### #..
#........#.........# #.. #........#........[# #.. #........#.........# #..
#........#.....[...# #.. # #......[.'...@.....# ### # #........#.......[.# #
#........#.........# # #......[.#.........# # #........#.........# #
#################### # #################################
#.#.#.#.#.#.#.#.#.#.#.#.#.#.#.#.# ....................[..........[' Turn 85686
on Vaults:4: - this is probably too hairy ### #.# #####.# #.....##########
#.#............# #### #.#.#########.## ...###############.#.#.#.....#.#
...'.!.....Q....@[.#.#.......#.# ...#################(#.#..<#.#.# ...'......
#.#.#######.## ...######. #.#..........# ...# #.############ ).Q# #...........#
...# ###########.# ...# #.# ...# #.# ...# #.# #### #(# Turn 94594 on Depths:5: -
wow i am careless what the heck **,,,*,,,,#...#...*.u#,,,#..#,,,*
',,,,*,,,,#p.,#.∩.*.C#.,,#..#,,,* **,,,*,,,,#.,,#...*..#..,#..#,,,*
***,,#....#...##..#..#.H##..##### ****,#....#....................p.
,,,**#....#....................p. **,,*#....#...#..#..,##'##.p##'##
***,*#....#........,,*,.,#..#,..# *#..##....#.[.(.∩.#,,...,#..#,..#
##........c...)#)##..#####p.##### ,.........#...D.@.......§p§§p...p
*#..........(L..........§p§....≈. ####D).....CD##.#D####..#########
.......(.[....C.............D.... .......<<........................
......<..<....!.........C........ .......<<........................
##.......)..##.#.#####.########## ...............###*,,,,,***** *
....[..$..#.....,,,,,,,,,,,,***** ..........#......,,,,,,,,,,,,,,,, Turn 98942
on Vaults:5: - ok this goes poorly #..#...##.[)[[[........).....#..[
#..#....#.[∩.#...#...........#... #..#....#......∩(#...........#...
#..#....####(#..†.##.........#... #..#....#*#[.................#...
#..#........#......#....,,,,,#... #..#......⌠.##.∩⌠..#,⌠..,,,,,#...
#..#........##....##,,[.,,,,,#... #..#........###....#***#,,,,,*,,,
#..#........#*#...##****,,,,,*,,, #..#.........,#.@.#,,,**,,,,,*,,,
#..#.........,#...#,∩,**,,,,,*,,, #..#........,,#'''#,,,**#....#...
#..#........,,....#'''* #....#... #...........,......,,,###...:....
#..........,........,,........... #.........,.........,,,..........
#......###################....... #................................
#................................ ################################# Turn 100266
on Vaults:5: - finally ########## ### .........##### #.### **
.............####### ##..## *, .........######.@..#####..## ** ....######
#####...###..## * ##### ###...##..## # ###......## ################......##
#.^....................## ###.......................#
######................#####...#. ##.....................## ##..##
........................## ##..# ....#############........## ##.# Turn 108417 on
Zot:4: - that was some bad news #.....##.......MM# #.....##........^#
#.....##.....BB..# #..^..!............ #...............M.B$ #.$.M.M.?..B.B.BM..L
#...B##........^..## #..MM## ..... #....°## ...# #/?(...## .M# #......@# ..
#.......(...... #.............. #.^............ ##############+ Turn 129105 on
Tomb:2: - aaand i forgot to change my gear #.....##.......MM# #.....##........^#
#.....##.....BB..# #..^..!............ #...............M.B$ #.$...M.?..B.B.BM..L
#...M##........^..## #...M## ..... #§.§..## ...# #/?§.zW## .M# #..§.§§@# ..
#....§§B§L.L... #....§§§§§..... #.^..§§........ ##############+ Turn 129115 on
Tomb:2: - so flippin stupid #^.M..# ..... .##....... .^... .....M...Z.
.....#............. .b..#...Q ........ ▓####.#...M. #...... ▓.#.^...#.. #......
▓#...@.)#.. ..##...... ▓.......†..##.##M...§. ▓#...)^.#M....##......
##..M.<#.....##...... #†.M..#.....##.....B #.....#..^..!.M....B
#.....M#.M.....M..... ▓.#.....#.M...M.?..... ▓ #.....#...†##.......
#.#..#M....## M...B. #.^...#Ms..B##...... Turn 130023 on Tomb:2: - now this is a
problem

Levels and vault maps discovered:
D:1:      tarquinn_simple_flora_water_b, layout_basic, minmay_tetromino_s4
D:2:      layout_rooms, basic_altar, uniq_terence, uniq_jessica, uniq_natasha
D:3:      layout_loops_cross, mainiacjoe_overflow_brackets, trog_butcher_becter,
          basic_ecumenical_altar
D:4:      layout_basic, slow_altar_1, portal_sewer_entry_b
D:5:      layout_loops_cross, yredelemnul_altar_generic,
          nemelex_xobeh_ov_fountains_minmay,
          nicolae_gozag_cash_rules_everything_around_me, serial_rivers,
          chequers_serial_rivers_micro_a, chequers_serial_rivers_large_b,
          chequers_serial_rivers_small_a, chequers_serial_rivers_small_a,
          chequers_serial_rivers_micro_a, uniq_ijyb, uniq_pikel
D:6:      layout_gridville, fedhas_bush_and_centaur_altar,
          riverfiend_overflow_shadow_ancestor, evilmike_ruin_ashenzari,
          nicolae_elemental_shop, uniq_edmund, uniq_menkaure, uniq_sigmund,
          uniq_duvessa
D:7:      layout_basic, mainiacjoe_overflow_paths,
          nicolae_qazlal_style_of_elements, nicolae_tso_swordbearing_angel,
          minmay_temple_entry_junction, chequers_serial_rivers_micro_b
D:8:      layout_basic, overflow_temple_1_default, david_lair_shrubbed
D:9:      layout_basic, hex_large, minivault_7, uniq_erica
D:10:     layout_cave_pools, elyvilon_altar_5
D:11:     layout_rooms, orc_0_dummy, enter_bailey_5
D:12:     layout_roguey, okawaru_humans, uniq_erolcha
D:13:     evilmike_library_of_no_secrets, layout_stronghold, david_vaults_3,
          serial_shops, nicolae_shop_stone, gammafunk_ghost_grave
D:14:     minmay_octo_star, layout_loops_ring, hangedman_abyss_or_decor_passed
D:15:     grunt_enter_depths_giant_problem, layout_stronghold, uniq_kirke
Temple:   corrupted_temple
Lair:1:   layout_cave_shapes, gammafunk_ghost_icy,
          nicolae_volcano_entry_hallway, serial_bayou_shore_a
Lair:2:   layout_cellular_growth, guppyfry_snake_entry_island,
          gauntlet_entry_generic, serial_bayou_pond_c, serial_bayou_pond_a,
          beast_lair_carwin_7
Lair:3:   layout_cellular_growth, minmay_lair_oklob_chamber
Lair:4:   layout_regular_city, palyth_hydra_swamp_entry, beast_lair_carwin_3
Lair:5:   wander_river, layout_gridlike, hibernation_bobbens
Lair:6:   hangedman_lair_in_review, layout_misc_corridors, slime_dummy,
          ebering_ghost_reflecting_pool, eino_small_chamber_without_monster,
          infiniplex_staircase_pool
Swamp:1:  layout_basic_swamp, serial_swamp_ruin, evilmike_swamp_ruin_house_2,
          evilmike_swamp_ruin_rubble_2, evilmike_swamp_ruin_house_3
Swamp:2:  layout_falls_marsh, infiniplex_staircase_pool_2
Swamp:3:  layout_basic_swamp, evilmike_swamp_ruin_house_1, swamp_pool5
Swamp:4:  swamp_basic_johnstein, layout_basic_swamp
Snake:1:  layout_onion, special_room, nicolae_shop_gadgets, uniq_louise
Snake:2:  layout_chambers, nicolae_take_the_stairs, nicolae_stop_n_shop_1,
          nicolae_large_snake_swirl
Snake:3:  layout_misc_corridors, uniq_vashnia, uniq_aizul
Snake:4:  snake_pit_salamanders_mu, layout_basic, minmay_shop_grove,
          lemuel_fruit_tree
Slime:1:  layout_caves
Slime:2:  layout_caves
Slime:3:  layout_caves
Slime:4:  layout_caves, cheibrodos_slime_lost_civilization_5
Slime:5
Orc:1:    layout_diamond_mine, nicolae_shop_firing_range
Orc:2:    pf_orc_diabolical, layout_diamond_mine, special_room,
          minmay_orc_temple_c
Elf:1:    layout_geoelf_octagon, serial_shops, shop_fountains, basic_altar,
          serial_sigils, serial_sigils_hangedman_etch,
          serial_sigils_hangedman_gnaw, serial_sigils_hangedman_writhe,
          serial_sigils_hangedman_snap, serial_sigils_hangedman_leer,
          serial_sigils_hangedman_snap, uniq_asterion
Elf:2:    nicolae_elf_blades_splatter_lattice
          [nicolae_blade_entry_area_security], layout_geoelf_octagon,
          uniq_saint_roka
Elf:3:    grunt_elf_hall_spiral, layout_geoelf_diagonals, serial_shops,
          nicolae_shop_statue_plus
Vaults:1: nicolae_vaults_puzzle_piece, v_rooms_4, nicolae_vaults_three_branches,
          nicolae_vaults_network_barrier, vaults_room_fancy_cross,
          vaults_room_pools, v_rooms_5, v_misc_28, ontoclasm_vaults_fault,
          nicolae_vaults_little_squares_1, nicolae_vaults_ring_of_whatevers,
          hangedman_vaults_impose, layout_vaults_maze_bifur,
          portal_desolation_entry_garden
Vaults:2: hangedman_vaults_cutoff, st_cross, minmay_crypt_entry_necro_gods,
          nicolae_vaults_rhombus_5, hangedman_vaults_stretched_pinwheel,
          nicolae_vaults_mini_display_case,
          vaults_standard_mumra_enter_the_diamond, ontoclasm_vaults_twist,
          vaults_room_fours, grunt_vaults_hallway_short,
          ontoclasm_vaults_gateway, hangedman_vaults_restitches,
          layout_vaults_chaotic_city, serial_shops,
          nicolae_shop_overgrown_old_shop
Vaults:3: v_misc_33, hangedman_vaults_stagger, vaults_mumra_hexcomb,
          nicolae_vaults_little_squares_2, st_smaller_cells, vaults_dpeg_ring,
          v_misc_16, vaults_room_fours, v_pattern_4,
          ontoclasm_vaults_ring_large, ontoclasm_vaults_loading_screen,
          vaults_mumra_minichess, layout_vaults_big_cross, serial_shops,
          nicolae_square_shop, uniq_mennas, uniq_mara
Vaults:4: vaults_standard_mumra_enter_the_diamond, hangedman_vaults_stream,
          hangedman_vaults_locks, vaults_dpeg_cross,
          nicolae_vaults_back_hallway, v_rooms_2,
          hangedman_vaults_corner_blocks, vaults_room_grid,
          hangedman_vaults_restitches, v_misc_17,
          nicolae_vaults_network_periphery, grunt_vaults_diagonal,
          vaults_room_ringed_pool, layout_vaults_omnibox, uniq_margery
Vaults:5
Crypt:1:  layout_basic, serial_sigils_hangedman_quiver,
          grunt_crypt_arrival_webbed
Crypt:2:  layout_rooms, lightli_enter_wizlab_magi_temple, lemuel_nasty_fountain,
          grunt_megastairs_3
Crypt:3:  evilmike_haunted_forest, uniq_jory
Tomb:1
Tomb:2:   uniq_sojobo
Depths:1: layout_cave_pools, nicolae_abyss_entry_one_way_or_another, hell_entry,
          hangedman_abyss_or_decor_slice, kennysheep_decorative_pillar,
          minmay_librarian
Depths:2: dpeg_oklob_shooting_range, layout_gridlike, nicolae_vehumet_radiance,
          grunt_hell_horde, serial_shops, nicolae_shop_waterfront,
          corexii_hall_statues_i, infiniplex_staircase_star, minmay_shop_star
Depths:3: minmay_cut_squares, layout_basic, enter_ziggurat_b,
          grunt_pan_entry_sceptre, serial_shops, nicolae_inconvenience_store,
          grunt_decor_junction, pf_dread_powers_of_hell, uniq_nikola
Depths:4: minmay_expanding_squares, layout_cave_pools,
          amcnicky_mini_rare_corridor_liquid, hell_entry,
          rand_demon_pan_entry_4, abyss_entry_small_statue_room, uniq_boris
Depths:5: grunt_twist_and_shout, layout_basic, pan_entry, hell_entry,
          solitary_fountain, nicolae_wu_jian_immortal_techniques,
          infiniplex_staircase_pool_lava
Hell
Zot:1:    layout_basic, grunt_ministairs_6, hangedman_zot_diagonal_lockstep,
          hangedman_swamp_dais
Zot:2:    layout_misc_corridors, zot_minivault_8
Zot:3:    nicolae_moth_party, layout_concentric_octagons
Zot:4:    layout_cathedral_of_symmetry, st_stairs_1, grunt_megastairs_5
Zot:5:    layout_gridlike

Skill      XL: |  1  2  3  4  5  6  7  8  9 10 11 12 13 14 15 16 17 18 19 20 21 22 23 24 25 26 27 |
---------------+----------------------------------------------------------------------------------+-----
Conjurations   | 2 3 4 5 6 9 11 12 14 15 17 18 21 | 21.0
Air Magic      | 4 5 7 8 9 11 12 14 15 18 19 20 21 22 | 22.0
Stealth        | 4 6 9 12 | 12.0
Spellcasting   | 6 8 9 11 12 15 16 18 19 20 21 24 25 26 | 26.0
Dodging        | 4 6 9 12 15 20 | 20.0
Hexes          | 5 11 12 | 12.0
Earth Magic    | 4 6 9 12 15 19 20 21 25 | 25.0
Fighting       | 3 5 6 9 11 12 16 | 16.0
Evocations     | 6 7 9 12 | 12.0
Shields        | 1 3 6 8 |  8.2
Armour         | 6 9 10 11 12 15 | 15.0
Long Blades    | 1 7 9 11 12 13 15 | 15.0
Translocations | 6 9 |  9.0
Transmutations | 9 |  9.0
Throwing       | 6 |  6.0
Fire Magic     | 11 | 11.9

Action                   |  1- 3 |  4- 6 |  7- 9 | 10-12 | 13-15 | 16-18 | 19-21 | 22-24 | 25-27 || total
-------------------------+-------+-------+-------+-------+-------+-------+-------+-------+-------++-------
Melee: Unarmed           |     1 |       |       |       |       |       |       |       |       ||     1
       Short sword       |       |     7 |     4 |       |       |    35 |   101 |       |       ||   147
       Dagger            |       |       |     6 |    67 |    96 |    32 |       |       |       ||   201
       Staff             |       |       |       |       |       |     5 |       |       |       ||     5
       Demon blade       |       |       |       |       |       |       |   111 |   603 |   518 ||  1232
       Eudemon blade     |       |       |       |       |       |       |       |     2 |   620 ||   622
       Kick              |       |       |       |       |       |       |       |       |    18 ||    18
Throw: Dart              |       |     4 |     3 |     6 |    34 |     1 |    22 |     2 |     2 ||    74
 Cast: Shock             |    41 |   109 |   138 |   113 |     4 |     4 |       |       |       ||   409
       Static Discharge  |     3 |     9 |    37 |   104 |    13 |     2 |       |       |       ||   168
       Airstrike         |       |     3 |    35 |   127 |   110 |   210 |    45 |    29 |    35 ||   594
       Tukima's Dance    |       |       |       |    35 |    41 |    59 |    52 |    48 |    52 ||   287
       Sandblast         |       |       |       |    78 |   190 |   406 |   271 |   130 |   221 ||  1296
       Freezing Cloud    |       |       |       |    13 |    63 |    75 |    70 |    50 |     7 ||   278
       Stone Arrow       |       |       |       |    17 |    81 |   168 |     3 |       |       ||   269
       Swiftness         |       |       |       |     5 |     4 |     4 |     7 |     8 |    29 ||    57
       Invisibility      |       |       |       |     3 |       |       |     2 |     1 |     6 ||    12
       Iskenderun's Myst |       |       |       |       |     7 |   151 |   219 |   136 |   159 ||   672
       Lee's Rapid Decon |       |       |       |       |     7 |    21 |   151 |    50 |   145 ||   374
       Blink             |       |       |       |       |       |    17 |    25 |    11 |    33 ||    86
       Lightning Bolt    |       |       |       |       |       |     7 |     1 |       |       ||     8
       Lehudib's Crystal |       |       |       |       |       |       |   134 |   186 |   515 ||   835
       Shatter           |       |       |       |       |       |       |       |     4 |    60 ||    64
       Chain Lightning   |       |       |       |       |       |       |       |     1 |    32 ||    33
       Statue Form       |       |       |       |       |       |       |       |       |    15 ||    15
       Yara's Violent Un |       |       |       |       |       |       |       |       |     6 ||     6
 Abil: End Transformatio |       |       |       |       |       |       |       |       |     1 ||     1
Evoke: Wand              |       |       |       |       |     1 |    79 |    43 |    29 |    48 ||   200
       Tin of tremorston |       |       |       |       |       |       |     2 |       |     5 ||     7
       Condenser vane    |       |       |       |       |       |       |     1 |     2 |     1 ||     4
       Phantom mirror    |       |       |       |       |       |       |       |     1 |     1 ||     2
       Box of beasts     |       |       |       |       |       |       |       |       |     3 ||     3
       Horn of Geryon    |       |       |       |       |       |       |       |       |     1 ||     1
       Phial of floods   |       |       |       |       |       |       |       |       |     1 ||     1
  Use: Scroll            |       |     4 |     6 |    10 |    14 |    10 |    19 |    16 |    37 ||   116
       Potion            |       |       |       |     2 |     2 |     7 |    14 |     9 |    35 ||    69
 Stab: Sleeping          |       |       |     1 |       |     1 |     1 |     3 |     2 |       ||     8
       Petrified         |       |       |       |       |     2 |       |       |       |       ||     2
       Paralysed         |       |       |       |       |       |     2 |     3 |     2 |     2 ||     9
       Invisible         |       |       |       |       |       |       |     1 |     2 |     1 ||     4
       Distracted        |       |       |       |       |       |       |     1 |     1 |       ||     2
Armor: Robe              |     5 |     8 |    22 |    54 |    26 |    48 |    93 |    68 |       ||   324
       Leather armour    |       |       |       |    53 |    28 |    62 |       |       |       ||   143
       Steam dragon scal |       |       |       |       |       |       |       |    70 |    42 ||   112
       Quicksilver drago |       |       |       |       |       |       |       |       |   276 ||   276
       Skin              |       |       |       |       |       |       |       |       |    63 ||    63
Dodge: Dodged            |    15 |    21 |    47 |   207 |   113 |   276 |   282 |   342 |   954 ||  2257
Block: Buckler           |       |       |       |       |       |   102 |   161 |   354 |   561 ||  1178
       Reflection        |       |       |       |       |       |       |    17 |    18 |    24 ||    59
       Rpst.: Demon blade |       |       |       |       |       |       |    26 |    67 |    63 ||   156
       Eudemon blade     |       |       |       |       |       |       |       |       |   109 ||   109
